Workbook
Name Countries: Countries!$A$2:$A$250
Name DevCells: '2. Progress towards outcomes'!#REF!
Name DevCells: #REF!
Name DevRatings: '2. Progress towards outcomes'!#REF!
Name DevRatings: #REF!
Name DevScore: #REF!
Name DevScore: _Calc!$D$20
Name ImpCells: '3. Implementation Progress'!$D$99:$M$101
Name ImpRatings: '3. Implementation Progress'!$D$99:$M$101
Name ImpScore: #REF!
Name ImpScore: _Calc!$D$21
Name NumRating: #REF!
Name NumRating: _Calc!$B$2:$B$9
Name TxtRating: #REF!
Name TxtRating: _Calc!$A$2:$A$9
Name Weights: #REF!
Name Weights: _Calc!$E$14:$I$14
Name Weights2: #REF!
Name Weights2: _Calc!$E$17:$H$17

Sheet Table of Contents
M1: Questions? Contact our support: faogef-pir-support@fao.org
M3: HOW TO USE THIS TEMPLATE:
M5: 1. In each of the tabs, instructions on how to complete and where to find information are provided on the right.
B6: FAO-GEF Project Implementation Report | M6: Read the instructions carefully before completing each section.
B7: 2026– Revised Template | M7: There is no need to delete the instructions before submitting the PIR to the GEF Coordination Unit.
B8: Period covered: 1 July 2025 to 30 June 2026
B9: Table of Contents | M9: 2. Certain tabs, such as "1. Basic Project Data", "2. Progress towards outcomes" and "13. Co-financing" have been pre-populated with SOME data from the PIR 2024.
B10: =HYPERLINK("#'1. Basic project data'!N10","1. BASIC PROJECT DATA") -> 1. BASIC PROJECT DATA | M10: Please CHECK THE ACCURACY of the pre-populated data and ensure it's updated. You can edit those fields.
B11: =HYPERLINK("#'2. Progress towards outcomes'!N11","2. PROGRESS TOWARDS ACHIEVING PROJECT OBJECTIVE(S) (DEVELOPMENT OBJECTIVE)") -> 2. PROGRESS TOWARDS ACHIEVING PROJECT OBJECTIVE(S) (DEVELOPMENT OBJECTIVE) | M11: Consult the PIR 2024 file to confirm the accuracy of the pre-populated data. | N11: Progress towards Achieving Project Objective(s) (Development Objective)
B12: =HYPERLINK("#'3. Implementation Progress'!N12","3. IMPLEMENTATION PROGRESS (IP)") -> 3. IMPLEMENTATION PROGRESS (IP) | N12: Implementation Progress (IP)
B13: =HYPERLINK("#'4. Summary on progress'!N13","4. SUMMARY ON PROGRESS AND CHALLENGES") -> 4. SUMMARY ON PROGRESS AND CHALLENGES | M13: For FIRST PIRs, it was not possible to pre-populate tabs. Follow the instructions to complete each section. | N13: Summary on progress, challenges, and outcomes
B14: =HYPERLINK("#'5. ESS Risk'!N14","5.ENVIRONMENTAL AND SOCIAL SAFEGUARDS (ESS):RISKS FROM THE PROJECT") -> 5.ENVIRONMENTAL AND SOCIAL SAFEGUARDS (ESS):RISKS FROM THE PROJECT | M14: 3. Certain fields are automated. It means that:
B15: =HYPERLINK("#'6. Risks to the project'!N15","6. RISKS TO THE PROJECT") -> 6. RISKS TO THE PROJECT | M15: they are going to pull information from other tabs once those are completed, OR
B16: =HYPERLINK("#'7. Follow-up on Mid-term review'!N16","7. FOLLOW-UP ON MID-TERM REVIEW OR SUPERVISION MISSION") -> 7. FOLLOW-UP ON MID-TERM REVIEW OR SUPERVISION MISSION | M16: they are going to automatically consolidate data (e.g. sum of percentages, calculation of ratings) once a table is completed
B17: =HYPERLINK("#'8. Minor project amendments'!N17","8. MINOR PROJECT AMENDMENTS") -> 8. MINOR PROJECT AMENDMENTS | M17: When fields or tables are automated, this is informed on the guidance.
B18: =HYPERLINK("#'9. Stakeholders' Engagement'!N18","9. STAKEHOLDERS' ENGAGEMENT") -> 9. STAKEHOLDERS' ENGAGEMENT
B19: =HYPERLINK("#'10. Gender Mainstreaming'!N19","10. GENDER MAINSTREAMING") -> 10. GENDER MAINSTREAMING | M19: 4. Certain information must be chose from a drop-down menu (e.g. YES or NO responses, type of stakeholder)
B20: =HYPERLINK("#'11. Knowledge Management'!N20","11. KNOWLEDGE MANAGEMENT ACTIVITIES") -> 11. KNOWLEDGE MANAGEMENT ACTIVITIES | M20: When you click on a cell with a drop-down menu, you will be able to see an arrow on the right side and access the menu.
B21: =HYPERLINK("#'12. Indigenous & Local Involve.'!N21","12. INDIGENOUS PEOPLES AND LOCAL COMMUNITIES INVOLVEMENT") -> 12. INDIGENOUS PEOPLES AND LOCAL COMMUNITIES INVOLVEMENT | M21: When more than one option can be selected from a drop-down menu, this is informed in the guidance
B22: =HYPERLINK("#'13. Co-Financing Table'!N22","13. CO-FINANCING TABLE") -> 13. CO-FINANCING TABLE
B23: =HYPERLINK("#'14. GEO Location'!N23","14. GEO LOCATION INFORMATION") -> 14. GEO LOCATION INFORMATION | M23: HOW TO ADD HYPERLINKS
B24: =HYPERLINK("#'Annex'!N26","Annex. Monitoring Area-based GEF Core Indicator Commitments and Progress with FERM") -> Annex. Monitoring Area-based GEF Core Indicator Commitments and Progress with FERM | M24: 3. Choose:
M25: Existing File or Web Page (type/paste URL or browse)
M26: Place in This Document (enter e.g. Sheet2!A10)
B27: IMPORTANT DISCLAIMER: | M27: E-mail Address or Create New Document
B28: The final version of this PIR will be submitted to the GEF Secretariat.
B29: The report will then be publicly available on the GEF website (click here). | M29: 4. Edit the Display text if desired → OK.
B30: Sensitive information should be submitted in Annex to be uploaded separately.
B31: In such cases, please contact faogef-pir-support@fao.org for guidance.
M32: To move to the next line inside delimitated fields, press Alt+Enter in your keyboard.

Sheet 1. Basic project data
L1: To move to the next line inside each delimitated field, press Alt+Enter in your keyboard.
B2: 1. Basic Project Data | L2: Guidance
B3: General Information | L3: Refer to FPMIS and the approved (CEO Endorsed) Project Document to find the information requested in this section.
B4: Region: | E4: Regional | L4: Choose REGION from the drop-down menu (only one option possible)
B5: Country(ies): | E5: Mediterranean Sea riparian countries (Albania, Algeria, Bosnia and Herzegovina, Lebanon, Libya, Montenegro, Morocco, Tunisia, Türkiye) | L5: Include one or more PROJECT COUNTRIES
B6: Project Title: | E6: Fisheries and Ecosystem Based Management for the Blue Economy of the Mediterranean - (FishEBM MED)
B7: FAO Project Symbol: | E7: GCP /INT/500/GFF
B8: GEF ID: | E8: 10560 | L8: Consult FPMIS to obtain the GEF ID
B9: Type of Trust Fund(s): | E9: GFF | L9: Inform the Type(s) of GEF Trust Fund(s) (CBIT, LDCF, SCCF, GBFF, GFF or SGP). One project may be funded by more than one GEF TF.
B10: GEF Focal Area(s): | E10: International Waters (IW): IW1 – “Strengthening Blue Economy opportunities: IW2 – “Improve management in the Areas Beyond National Jurisdiction (ABNJ)” Biodiversity: BD1 – “Mainstream biodiversity across sectors as well as landscapes and seascapes” BD2 – “Address direct drivers to protect habitats and species” | L10: Inform the project's GEF FOCAL AREA(S). For Multi-Focal Area projects, include "MFA" and the specific focal areas.
B11: Project Executing Partners: | E11: General Fisheries Commission for the Mediterranean (GFCM) and Mediterranean Action Plan (Barcelona Convention) | L11: Include all the PROJECT EXECUTING PARTNERS here.
B12: Initial project duration (years): | E12: 4 years | L12: Consult FPMIS for the initial project duration. Ensure the info is accurate.
B13: Project Dates | L13: Consult FPMIS and the Prodoc for the PROJECT DATES information
B14: GEF CEO Endorsement Date: | E14: 44784 | L14: INCLUDE ALL DATES IN THE FORMAT DD/MM/YYYY
B15: Actual Agency Approval Date | E15: 44757
B16: Project Implementation Start Date/EOD: | E16: 44927
B17: First Disbursement Date | E17: 45169
B18: Planned Project End Date/NTE1: | E18: 46387 | L18: Consult the CEO Endorsed Prodoc for the planned NTE
B19: Revised project implementation End date (if approved)2: | E19: 30/06/2027 | L19: Consult FPMIS to include the updated NTE
B20: Actual Completion Date:
B21: Expected Financial Closure Date: | E21: 46934
B22: Funding
B23: GEF Grant Amount (USD): | E23: 7273973 | L23: Consult FPMIS or the CEO Endorsed Prodoc for the GEF GRANT AMOUNT
B24: Total GEF grant delivery (as of June 30, 2026 (USD): | E24: FAO: $ 3,793,253.33 UNEP: $ 1,013,195 TOTAL: $ 4,806,448.62
B25: Total Co-financing amount (USD)3: | E25: ='13. Co-Financing Table'!K37 -> 72027654
B26: Total estimated co-financing materialized as of June 30, 20264: | E26: ='13. Co-Financing Table'!N37 -> 52013000 | L26: The TOTAL CO-FINANCING AMOUNT and the AMOUNT MATERIALIZED AT 30 JUNE will be automatically filled once the co-financing table (section 13) is completed
B27: M & E Milestones
B28: Date of Last Project Steering Committee (PSC) Meeting: | E28: 24/06/2026-25/06/2026 | L28: Inform the DATE OF LAST PROJECT STEERING COMMITTEE MEETING.
B29: Expected Mid-term Review date5: | L29: The other info in this section will be completed by the GEF Coordination Unit
B30: Actual Mid-term review date (if already completed): | E30: 46031
B31: Expected Terminal Evaluation Date6: | E31: 46386 | L31: Inform the EXPECTED TERMINAL EVALUATION DATE. It is expected to start 6 months before the NTE.
B32: Overall ratings
B33: Overall rating of progress towards achieving objectives/outcomes (cumulative): | E33: =_xlfn.XLOOKUP(DevScore,NumRating,TxtRating,"Not Rated") -> Satisfactory (S) | L33: The OVERALL RATINGS will be AUTOMATICALLY completed here, when the corresponding sections are completed.
B34: Overall implementation progess rating: | E34: =_xlfn.XLOOKUP(ImpScore,NumRating,TxtRating,"not rated") -> Satisfactory (S) | L34: (data is pulled from sections 2, 3 and 6 of this report)
B35: Overall risk rating: | E35: ='6. Risks to the Project'!C77 -> Low | L35: (If these ratings are not automatically completed after you complete the sections mentioned above, contact our helpline)
B36: Status
B37: Implementation Status (1st PIR, 2nd PIR, etc. Final PIR): | E37: 2nd PIR | L37: Select the option from the drop-down menu. The “Final PIR” should report on the implementation period that ended on or before 30 June 2025. Projects with NTE date beyond 30 June 2025 may have to prepare a PIR also next year.
B40: 1 Date that was originally foreseen at the project’s operationalization and indicated in FPMIS. 2 If NTE extension has been requested and approved by the FAO-GEF Coordination Unit. 3 This is the total amount of co-financing as included in the CEO Document/Project Document. 4 Please refer to the Section 13 of this report where updated co-financing estimates are requested and indicate the total co-financing amount materialized. 5 The Mid-Term Review (MTR) should take place after the 2nd PIR, around half-point between EOD and NTE. The MTR report in English should be submitted to the GEF Secretariat within 4 years of the CEO Endorsement date. 6 The Terminal Evaluation date should be discussed with OED 6 months before the project’s NTE date.
B45: Project Contacts
B46: Contact | E46: Name, Title, Division/Institution | I46: E-mail
B47: Project Coordinator (PC) | E47: Anna Carlson, Fishery Officer (Livelihoods) / FishEBM Projects Manager, NFIGD/FAO | I47: Anna.Carlson@fao.org | L47: Provide the names and contact details as requested
B48: Budget Holder (BH) | E48: Manuel Barange, FAO Assistant Director General and Director, Fisheries and Aquaculture Division, NFIDD/FAO | I48: Manuel.Barange@fao.org
B49: GEF Operational Focal Point (GEF OFP) | E49: Ledina Beqiraj Agalliu, General Secretary at the Ministry of Environment of Albania Karim Baba, Director of Urban Environment Policy at the Ministry of Environment of Algeria Novak Vukajlović, Advisor to the Minister at the Ministry of Foreign Trade and Economic Relations of Bosnia and Herzegovina Tamara Elzein, Minister at the Ministry of Environment of Lebanon Omar Sharif, Staff at the University of Sabha, Libya Zoran Dabetić, Secretary of State at the Ministry of Ecology, Sustainable Development and Northern Region Development of Montenegro Rachid Firadi, Director of Cooperation, Partnership and Communication at the Department of Sustainable Development of the Ministry of Energy, Transportation and Sustainable Development of Morocco Sabria Bnouni Ben Ammar, Director General for International Cooperation at the Ministry of Environment of Tunisia Ahmet Bağci, Deputy Minister – DR at the Ministry of Agriculture and Forestry of Türkiye | I49: ledina.beqiraj@mjedisi.gov.al; klodiana.marika@mjedisi.gov.al karimbaba1964@gmail.com novak.vukajlovic@mvteo.gov.ba minister@moe.gov.lb; n.khoury@moe.gov.lb omarsharif@environment.gov.ly; sharif.omar300@gmail.com zoran.dabetic@mers.gov.me razi@environnement.gov.ma; firadi@environnement.gov.ma; rheyati@environnement.gov.ma sabria.bnouni@mineat.gov.tn; sabriabnouni@gmail.com ahmet.bagci@tarimorman.gov.tr
B50: Lead Technical Officer (LTO) | E50: Carlos Fuentevilla, Fishery Officer – Blue Transformation, NFIDD/FAO | I50: Carlos.Fuentevilla@fao.org
B51: GEF Technical Officer (GTO) | E51: Lorenzo Paolo Galbiati, Technical Officer, OCBD/FAO | I51: Lorenzo.Galbiati@fao.org
B54: Key Project Management Unit Personnel
L55: To complete KEY-PROJECT MANAGEMENT UNIT PERSONNEL
B56: Please indicate the composition of the PMU as per the Terms of Reference in the ProDoc. If any new position was establised during the project implementation, please insert it accordingly. | L56: Refer to the CEO Endorsed Prodoc to find the information about the positions to be filled.
L58: Was the position filled? Use the drop down-menu to select yes or no.
B59: Position planned (as per ProDoc) | E59: Position filled (Yes/No) | F59: Start date, Name, Contact | J59: Comments
B61: Project Technical Manager | E61: Yes | F61: 1/11/2023, Anna Carlson, anna.carlson@fao.org
B63: Finance and Project-Cycle Officer | E63: Yes | F63: 1/6/2023, Andrea Leone, andrea.leone@fao.org
B65: GFCM M&E Expert | E65: Yes | F65: 9/10/2023, Giulia Chakkalakal, giulia.chakkalakal@fao.org
B67: GFCM M&E Expert | E67: Yes | F67: 3/6/2023, Guray Dellal, guray.dellal@fao.org
B69: UNEP-MAP Project Manager | E69: Yes | F69: 01/01/2024, Mohamad Kayyal, mohamad.kayyal@un.org
B71: MedProgramme IW Expert | E71: Yes | F71: 15/09/2025, Alessandro Candeloro, alessandro.candeloro@un.org
B73: SPA/RAC Technical Project Manager | E73: Yes | F73: 1/4/2024, Emna Derouiche, emna.derouiche@spa-rac.org
B75: SPA/RAC Program Specialist | E75: Yes | F75: 01/07/2025, Syrine Moslah, syrine.moslah@spa-rac.org
B77: SPA/RAC Financial and Administrative Assistant | E77: Yes | F77: 17/02/2025, Tarek Laccheb, tarek.lachheb@spa-rac.org
L78: Questions? Contact our support: faogef-pir-support@fao.org

Sheet _Calc
A1: Rating text | B1: Score
A2: Highly Unsatisfactory (HU) | B2: 1
A3: Unsatisfactory (U) | B3: 2
A4: Moderately Unsatisfactory (MU) | B4: 3
A5: Moderately Satisfactory (MS) | B5: 4
A6: Satisfactory (S) | B6: 5
A7: Highly Satisfactory (HS) | B7: 6
A8: Unknown | B8: 0
A9: Not Rated | B9: 0
D12: for DevScore
D13: Person | E13: PM/Coord | F13: Budget Holder | G13: LTO | H13: GEF OFP | I13: GTO
D14: Weight % | E14: 20 | F14: 25 | G14: 25 | H14: 0 | I14: 30
D15: For ImpScore
D16: Person | E16: PM/Coord | F16: LTO | G16: GEF OFP | H16: GTO
D17: Weight % | E17: 25 | F17: 35 | G17: 0 | H17: 40
A19: Once you've filled in 2. Progress towards outcomes & 3. Implementation Progress
A20: Please double click and press enter on Cells D20 and D21 | D20: {=_xlfn.LET(_xlpm.hdrRow,MATCH("*Development*Objective*rating*",'2. Progress towards outcomes'!$C:$C,0),_xlpm.rRow,_xlpm.hdrRow+1,_xlpm.ratings,INDEX('2. Progress towards outcomes'!$D:$H,_xlpm.rRow,0),_xlpm.scores,_xlfn.XLOOKUP(_xlpm.ratings,TxtRating,NumRating,0),ROUND(SUMPRODUCT(_xlpm.scores,Weights)/SUM(Weights),0))} -> 5
D21: {=ROUND( SUMPRODUCT( _xlfn.XLOOKUP( CHOOSE({1,2,3,4}, '3. Implementation Progress'!D99, '3. Implementation Progress'!F99, '3. Implementation Progress'!J99, '3. Implementation Progress'!L99 ), TxtRating, NumRating, 0 ), Weights2 ) / SUM(Weights2), 0)} -> 5

Sheet Countries
A1: Select Country
A2: Afghanistan
A3: Åland Islands
A4: Albania
A5: Algeria
A6: American Samoa
A7: Andorra
A8: Angola
A9: Anguilla
A10: Antarctica
A11: Antigua and Barbuda
A12: Argentina
... A250: Zimbabwe

Sheet TypeofTrustFund
A1: Type of Trust Fund
A2: Capacity-building Initiative for Transparency (CBIT)
A3: Global Biodiversity Framework Fund (GBFF)
A4: Global Environment Facility Trust Fund (GFF)
A5: Least Developed Countries Fund (LDCF)
A6: Special Climate Change Fund (SCCF)
A7: Small Grants Program (SGP)

Sheet FocalArea
A1: Focal Area
A2: Multi Focal Area
A3: Biodiversity
A4: Chemicals and Waste
A5: Chemicals/PoPs
A6: Climate Change
A7: Climate Change Adaptation
A8: Climate Change Mitigation
A9: International Waters
A10: Land Degradation

Sheet 2. Progress towards outcomes
B1: 2. Progress towards Achieving Project Objective(s) (Development objective)
B3: (All inputs in this section should be cumulative from project start, not annual)
B6: Please indicate the project’s main progress towards achieving its objective(s) and the cumulative level of achievement of each outcome since the start of project implementation.
B7: Project or Development Objective | C7: Outcomes | D7: Outcome indicators | E7: Baseline | F7: Mid-term Target | G7: End-of-project Target | H7: Cumulative progress level at 30 June 2026 | I7: % of cumulative progress | J7: Progress rating
B8: Project Objective: To reverse the overexploitation of select commercial living marine resources of Mediterranean countries in support of their blue economy development pathway. | C8: 1) Number of hectares of Marine Protected Areas (MPAs), fisheries restricted areas (FRAs) and/or other effective area-based conservation measures (OECMs) created or under improved management for conservation and sustainable use | E8: 1) 0 hectares of Marine Protected Areas (MPAs), fisheries restricted areas (FRAs) and/or other effective area-based conservation measures (OECMs) created or under improved management for conservation and sustainable use | F8: 1) 270,200 hectares of Marine Protected Areas (MPAs), fisheries restricted areas (FRAs) and/or other effective area-based conservation measures (OECMs) created or under improved management for conservation and sustainable use | G8: 1) 270,200 hectares of Marine Protected Areas (MPAs), fisheries restricted areas (FRAs) and/or other effective area-based conservation measures (OECMs) created or under improved management for conservation and sustainable use | H8: Target achieved. 270,000 hectares of Fisheries Restricted Area (FRA) (Otranto Channel FRA) created. | I8: =270000/270000 -> 1 | J8: Highly Satisfactory (HS)
C9: 2) Landings from fisheries under sustainable management | E9: 2) 27 000 tonnes of landings from fisheries under sustainable management | F9: 2) 100 000 tonnes of landings from fisheries under sustainable management or currently sustainable. | G9: 2) 180 000 landings from fisheries under sustainable management or currently sustainable. | H9: 128,386 tonnes of landings from relevant Mediterranean fisheries under sustainable management (i.e. covered by multiannual management plans or currently sustainable) | I9: =128386/180000 -> 0.71325556 | J9: Satisfactory (S)
C10: 3) Percentage of relevant* Mediterranean priority stocks whose stock status has improved over the course of the project (*Species found in the Geographical Subareas (GSAs) corresponding to the project beneficiary countries) | E10: 3) 0% of relevant Mediterranean priority stocks | F10: 3) 41% of relevant Mediterranean priority stocks whose stock status has improved over the course of the project. | G10: 3) At least 50% of relevant Mediterranean priority stocks whose stock status has improved over the course of the project. | H10: Target achieved. 50% of relevant Mediterranean priority stocks with improved stock status over the course of the project. | I10: =50/50 -> 1 | J10: Highly Satisfactory (HS)
C11: 4) Number of countries having improved data on fisheries-dependent employment, disaggregated by gender, along the value chain | E11: 4) 8 countries with fisheries-dependent employment data | F11: 4) 8 countries with gender disaggregated fisheries-dependent employment data | G11: 4) 8 countries with gender disaggregated fisheries-dependent employment data | H11: Target achieved. 8 countries with gender disaggregated fisheries-dependent employment data​ | I11: =8/8 -> 1 | J11: Satisfactory (S)
C12: Outcome 1 Fisheries managers and stakeholders use sound information generated on the status of key commercial fisheries to support improved management and selected value chain interventions, particularly for SSF, in view of maximizing production sustainability | D12: 1) Number of pieces of robust advice* containing enhanced information for fisheries management endorsed by the GFCM’s Scientific Advisory Committee on Fisheries (SAC) (*In the context of the GFCM’s Scientific Advisory Committee on Fisheries (SAC),‘advice’ refers to comprehensive, science-based recommendations, developed through rigorous analysis and review by national experts from GFCM countries. ‘Advice’ typically includes stock assessments [e.g. evaluations of the status of populations of marine resources, including biomass, fishing mortality, and trends over time], proposals for management measures [e.g. catch limits, effort controls, gear restrictions, spatial/temporal closures, etc.], socioeconomic considerations [e.g. insights on how proposed measures may affect fishing communities and economies], aspects related to the ecosystem, habitat and vulnerable species [e.g. identification and protection of vulnerable marine ecosystems and essential fish habitats as well as mitigation of impacts on vulnerable species groups] and/or suggestions for improving data quality and research. Advice is a critical point in the GFCM’s fisheries advisory process, representing the culmination of the scientific-technical work on a given topic, and is intended to guide political decision-making for the conservation and sustainable use of marine resources in the GFCM area of application, thus directly supporting the adoption of binding recommendations and non-binding resolutions.) | E12: 1) 0 pieces of robust advice containing enhanced information for fisheries management endorsed by the GFCM’s Scientific Advisory Committee on Fisheries (SAC) | F12: 1) 36 pieces of robust advice containing enhanced information for fisheries management endorsed by the GFCM’s Scientific Advisory Committee on Fisheries (SAC) | G12: 1) At least 50 pieces of robust advice containing enhanced information for fisheries management endorsed by the GFCM’s Scientific Advisory Committee on Fisheries (SAC) | H12: Target achieved. 58 pieces of robust advice containing enhanced information for fisheries management endorsed by the GFCM's Scientific Advisory Committee on Fisheries | I12: =58/50 -> 1.16 | J12: Satisfactory (S)
D13: 2) Number of countries with increased information from fisher-stakeholders feeding into management processes | E13: 2) 0 countries with increased information from fisher-stakeholders feeding into management processes | F13: 2) 7 countries with increased information from fisher-stakeholders feeding into management processes | G13: 2) At least 7 countries with increased information from fisher-stakeholders feeding into management processes | H13: 7 countries (Albania, Algeria, Lebanon, Montenegro, Morocco, Tunisia, Türkiye) with increased information from fisher-stakeholders feeding into management processes | I13: =7/7 -> 1 | J13: Satisfactory (S)
C14: Outcome 2 Fisheries management better accounts for the quantity and magnitude of IUU fishing in the Mediterranean Sea and incorporates control measures, including through the use of emerging technologies | D14: 1) Number of countries where enhanced normative (legislative and/or policy) frameworks to combat IUU fishing have been drafted, submitted for approval and then endorsed at national level | E14: 1) 0 countries where enhanced normative (legislative and/or policy) frameworks to combat IUU fishing have been drafted, submitted for approval and then endorsed at national level | F14: 1) 0 countries where enhanced normative (legislative and/or policy) frameworks to combat IUU fishing have been drafted, submitted for approval and then endorsed at national level | G14: 1) 2 countries where enhanced normative (legislative and/or policy) frameworks to combat IUU fishing have been drafted, submitted for approval and then endorsed at national level | H14: 1 country (Türkiye, with the adoption of a NPOA-IUU) where enhanced normative frameworks have been drafted, submitted for approval and then endorsed at national level. NPOA-IUU in Albania has also been drafted and is endorsment process is underway. | I14: =1/2 -> 0.5 | J14: Satisfactory (S)
D15: 2) Number of countries with improved Monitoring, Control and Surveillance (MCS) tools to combat IUU fishing adopted by national fisheries agencies | E15: 2) 0 countries with improved Monitoring, Control and Surveillance (MCS) tools to combat IUU fishing adopted by national fisheries agencies | F15: 2) 0 countries with improved Monitoring, Control and Surveillance (MCS) tools to combat IUU fishing adopted by national fisheries agencies | G15: 2) 2 countries with improved Monitoring, Control and Surveillance (MCS) tools to combat IUU fishing adopted by national fisheries agencies | H15: 0 countries with improved Monitoring, Control and Surveillance (MCS) tools to combat IUU fishing adopted by national fisheries agencies. Technical work is underway, with tools expected to be acquired by Q3 2026. | I15: =0/2 -> 0 | J15: Satisfactory (S)
C16: Outcome 3 Healthier marine ecosystems with more productive fisheries in place, through the synergistic application of ecosystem-based conservation/ management tools and improvements in fisheries tenure governance | D16: 1) Number of spatial management measures adopted through an EBFM process to protect vulnerable marine ecosystems | E16: 1) 0 spatial management measures adopted through an EBFM process to protect vulnerable marine ecosystems | F16: 1) 1 spatial management measure adopted through an EBFM process to protect vulnerable marine ecosystems | G16: 1) 1 spatial management measure adopted through an EBFM process to protect vulnerable marine ecosystems | H16: Target achieved. 1 spatial management measure adopted through an EBFM process to protect vulnerable marine ecosystems (Otranto Channel FRA adopted via an EBFM process, towards protecting bamboo coral [isidella elongata] forests) | I16: =1/1 -> 1 | J16: Highly Satisfactory (HS)
D17: 2) Number of novel approaches for ecosystem-based management (e.g. application of EBFM approach for management of sensitive habitats, eDNA metabarcoding, underwater noise considerations, marine litter, NIS management, selectivity innovations, etc.) endorsed by the GFCM’s Scientific Advisory Committee on Fisheries (SAC) and/or the UNEP-MAP’s Meeting of the Ecosystem Approach Correspondence Group on Monitoring (CORMON) Biodiversity and Fisheries or the SPA/BD Focal Points Meeting | E17: 2) 0 novel approaches for ecosystem-based management endorsed by the GFCM’s SAC and/or the UNEP-MAP’s CORMON or SPA/BD Focal Points meetings | F17: 2) At least 2 novel approaches for ecosystem-based management endorsed by the GFCM’s SAC and/or the UNEP-MAP’s CORMON or SPA/BD Focal Points meetings | G17: 2) At least 5 novel approaches for ecosystem-based management endorsed by the GFCM’s SAC and/or the UNEP-MAP’s CORMON or SPA/BD Focal Points meetings | H17: 3 novel approaches for ecosystem-based management endorsed by the GFCM's SAC (application of EBFM approach for management of sensistive habitats, eDNA metabarcoding regional protocol, consideration of underwater noise impacts) | I17: =3/5 -> 0.6 | J17: Satisfactory (S)
C18: Outcome 4 Blue economy at the regional and country level promoted through the identification of existing hurdles via a concerted approach among relevant stakeholders | D18: 1) Number of regional political/strategic processes considering strategic guidance documents on leveraging Blue Economy opportunities for the fisheries sector | E18: 1) 0 regional political/strategic processes considering strategic guidance documents on leveraging Blue Economy opportunities for the fisheries sector | F18: 1) 0 regional political/strategic processes considering strategic guidance documents on leveraging Blue Economy opportunities for the fisheries sector | G18: 1) 1 regional political/strategic processes considering strategic guidance documents on leveraging Blue Economy opportunities for the fisheries sector | H18: 0 regional political/strategic processes have considered strategic guidance documents on leveraging Blue Economy opportunities for the fisheries sector. Strategic guidance document is under development and is expected to be considered by GFCM statutory body in Q4 2026. | I18: =0/1 -> 0 | J18: Moderately Satisfactory (MS)
D19: 2) Number of countries where a NAP+ with investment plan was developed, including with at least one pilot activity initiated | E19: 2) 0 countries where a NAP+ with investment plan was developed, including with at least one pilot activity initiated | F19: 2) 0 countries where a NAP+ with investment plan was developed, including with at least one pilot activity initiated | G19: 2) At least 1 country where a NAP+ with investment plan was developed, including with at least one pilot activity initiated | H19: 0 countries where a NAP+ with investment plan was developed, including with at least one pilot activity initiated. Progress registered in 3 countries (Montenegro, Morocco, Tunisia), with results foreseen before project end. | I19: =0/1 -> 0 | J19: Moderately Satisfactory (MS)
C20: Outcome 5 Integrated pathways conducive of conservation and sustainable management promoted at the regional and global level | D20: 1) Number of subnational, national and regional institutions that are applying ecosystem-based fisheries management approaches in their work (e.g. official policies, strategies, workplans, fishing activities) due to project activities | E20: 1) 0 subnational, national and regional institutions that are applying ecosystem-based fisheries management approaches in their work (e.g. official policies, strategies, workplans, fishing activities) due to project activities | F20: 1) 6 subnational, national and regional institutions that are applying ecosystem-based fisheries management approaches in their work (e.g. official policies, strategies, workplans, fishing activities) due to project activities | G20: 1) At least 6 subnational, national and regional institutions that are applying ecosystem-based fisheries management approaches in their work (e.g. official policies, strategies, workplans, fishing activities) due to project activities | H20: 6 institutions applying ecosystem-based fisheries management approaches in their work (e.g. official policies, strategies, workplans, fishing activities) due to project activities (CNRS Lebanon; General Directorate of Fisheries and Aquaculture, Ministry of Agriculture and Forestry, Türkiye; INRH Morocco; INSTM Tunisia; Ministry of Agriculture and Rural Development, Albania, Ministry of Agriculture, Forestry and Water Management, Montenegro) | I20: =6/6 -> 1 | J20: Satisfactory (S)
D21: 2) Number of project communication and knowledge products that are produced, shared, or actively promoted by project stakeholders across national, regional and global platforms | E21: 2) 0 project communication and knowledge products that are produced, shared, or actively promoted by project stakeholders across national, regional and global platforms | F21: 2) 14 project communication and knowledge products that are produced, shared, or actively promoted by project stakeholders across national, regional and global platforms | G21: 2) 32 project communication and knowledge products that are produced, shared, or actively promoted by project stakeholders across national, regional and global platforms | H21: 21 project communication and knowledge products produced, shared or actively promoted by project stakeholders across national, regional and global platforms | I21: =21/32 -> 0.65625 | J21: Satisfactory (S)
C22: Monitoring and Evaluation An operational project M&E system implemented and project management coordination framework established | D22: 1) Number of project reports produced, in line with FAO and GEF requirements and the project M&E plan. | E22: 1) 0 project reports produced | F22: 1) 9 project reports produced | G22: 1) At least 13 project reports produced | H22: 10 project reports produced. | I22: =10/13 -> 0.76923077 | J22: Highly Satisfactory (HS)
D23: 2) Project management unit TORs defined, including organigramme and regular coordination mechanism | E23: 2) 0 Project management unit TORs defined | F23: 2) 0 Project management unit TORs defined | G23: 2) 1 Project management unit TORs defined | H23: Target achieved. 1 Project management unit TOR defined | I23: =1/1 -> 1 | J23: Satisfactory (S)
B25: Average Cumulative progress toward outcomes (%) | C25: Time elapsed since project start/EOD vs Planned Project End Date | D25: % of delivery
B26: =IFERROR(AVERAGE(I8:I23),"") -> 0.71242102 | C26: =IF(OR('1. Basic project data'!E16="",'1. Basic project data'!E18=""),"",(TODAY()-'1. Basic project data'!E16)/('1. Basic project data'!E18-'1. Basic project data'!E16)) -> 0.91712329 | D26: =IF('1. Basic project data'!E23=0,"",'1. Basic project data'!E24/'1. Basic project data'!E23) -> #VALUE!
B32: Development Objective (DO) Ratings, and Overall Assessment
B33: Please note that the overall DO ratings should be substantiated by evidence and progress reported above. The ratings and comments should reflect the overall progress of results since project start
C35: FY2026 Development Objective rating¹ | D35: Project Manager/ Coordinator | E35: Budget Holder | F35: Lead Technical Officer13 | G35: GEF Operational Focal Point | H35: GEF Technical Officer (GTO)
D36: Satisfactory (S) | E36: Satisfactory (S) | F36: Satisfactory (S) | G36: Satisfactory (S) | H36: Satisfactory (S)
C37: Comments/reasons¹² justifying the ratings for FY2026 and any changes (positive or negative) in the ratings since the previous reporting period | D37: The project gained considerable momentum during the reporting period, achieving substantial progress across its indicators. Even where indicator values have not yet changed, important advances have been made and are expected to translate into measurable results during the next reporting cycle. Notably, project activities made a significant contribution to the technical advice submitted to the annual session of the GFCM, supporting the adoption of decisions that are expected to drive progress against the project's core indicators and contribute to its overarching objective of reversing the overexploitation of selected commercial living marine resources. In response to the Mid-Term Review (MTR) recommendations, project management arrangements were also strengthened, fostering greater synergies between fisheries and environmental counterparts. It is important to note that, although the project is contributing positively to stock recovery and an increasing number of fisheries are being managed sustainably, the value of the core indicator “landings from fisheries under sustainable management” has declined. This should be interpreted in a positive light, reflecting the effectiveness of management measures, which require reduced catches in the short term to ensure the long-term sustainability of fishery resources. | E37: The project remains on track to meet its objectives, particularly with the adjustments based on MTR Recommendations. Project implementing agencies, executing agencies and partners must ensure that those components that have suffered delays are delivered on time. Project activities and results continue to strongly influence GFCM deliberations and decisions- showing that the project is already having an impact beyond it's direct actions. The expectation is that this continues, and that outcomes are achieved by project's end. | F37: The MTR for the project came at key time and the recommendations highlighted project weaknesses. This has allowed the Project Steering Committee to review the activities and outputs of the project, and approve cochanges to make the project more coherent and impactful. The PMU and executing agencies have taken swift steps to implement the MTR recommendations, strengthening project results, improving coordination and paving the road to more sustainable results. However, achieving the outcomes will ultimately depend on project countries and the agreements they are able to negotiate during GFCM and UNEP/MAP working groups and committees. | G37: Significant progress continues to be observed towards the achievement of the project’s development objectives. The strengthened management arrangements following the Mid-Term Review and the project’s contribution to science-based management advice and related GFCM decisions demonstrate clear progress towards the intended outcomes. Türkiye continues to demonstrate active involvement and consistent support. The overall direction of progress remains positive and consistent with the project objectives. | H37: The project has made solid cumulative progress towards its objective, with a number of significant results now visible at both regional and country levels. Several key targets have already been met, including the establishment of the Otranto Channel Fisheries Restricted Area, the improvement in the status of priority Mediterranean stocks, strengthened availability of gender-disaggregated socioeconomic information, and the generation and uptake of science-based advice for fisheries management. Particularly relevant is the increasingly systematic integration of project-supported approaches and information within GFCM and UNEP/MAP processes, which provides a credible pathway for sustaining results beyond the project itself. Progress is nevertheless uneven across the results framework. Outcomes 1 and 3 are comparatively advanced, while important results under Outcomes 2 and especially 4 remain to be completed. Further progress is required on the effective application of MCS tools and related normative frameworks, while the NAP+ processes, associated investment planning and their connection with wider Blue Economy policy processes have yet to generate the final results envisaged at project design. The Mid-Term Review was timely in identifying weaknesses in the original design and implementation arrangements, and the subsequent revision of the results framework, workplan and coordination mechanisms appears to have placed the project on a more realistic delivery path. With the extension to June 2027 now in place, the priority should be to convert the considerable technical and institutional groundwork already undertaken into the outstanding country-level and policy results. Overall, the cumulative performance supports a Satisfactory rating, while close attention will be needed during the final implementation period to ensure that the remaining outcomes are completed and effectively institutionalized.
B42: Measures to address MS, MU, U and HU ratings on Section 2 above
B45: Outcome | D45: Action(s) to be taken | F45: By whom? | H45: By When?
B46: Outcome 4 | D46: With respect to supporting regional political/strategic processes considering strategic guidance documents on leveraging Blue Economy opportunities for the fisheries sector, the strategic guidance document needs to be finalized and circulated to countries to support their discussions towards a new MedFish4Ever Declaration, to be adopted in 2027 (providing the priorities and cooperation framework for the next decade of action on Mediterranean fisheries and aquaculture). | F46: GFCM Secretariat, with the support of national focal points | H46: By the GFCM annual session (November 2026) and ahead of other relevant bilateral meetings.
B47: Outcome 4 | D47: With respect to developing a NAP+ with investment plan, including with at least one pilot activity initiated, implementation has been accelerated based on the recommendations of the Mid-Term Review and the work plan endorsed at the PSC. National coordination mechanisms have been established, national experts have been mobilized, pilot activities have been identified and prepared in the three beneficiary countries (Montenegro, Morocco and Tunisia) and partner organisations are being identified. The approved no-cost extension provides the necessary timeframe to finalize the NAP+ documents, including investment plans, and implement the pilot actions. | F47: SPA/RAC, in collaboration with the national fisheries and environment authorities, in coordination with FAO/GFCM and UNEP/MAP and with the support of national experts and implementing partners in the three beneficiary countries. | H47: By March 2027 (end of project activities).
B54: 7 Some indicators may not identify mid-term targets at the design stage (refer to approved results framework) therefore this column should only be filled when relevant. 8 Use GEF Secretariat required six-point scale system: Highly Satisfactory (HS), Satisfactory (S), Moderately Satisfactory (MS), Moderately Unsatisfactory (MU), Unsatisfactory (U), and Highly Unsatisfactory (HU).

Sheet 3. Implementation Progress
B1: 3. Implementation Progress (IP)
O2: To move to the next line inside each delimitated field, press Alt+Enter in your keyboard.
B3: (Please indicate progress achieved during this FY as per the Implementation Plan/Annual Workplan)
B5: Outcomes and outputs | D5: Indicators (as per the logical framework) | F5: Main achievements in the last 12 months (please DO NOT repeat results reported in previous year PIR) | L5: Describe any variance 9 in delivering outputs | O5: Guidance :
B7: Outcome 1. Fisheries managers and stakeholders use sound information generated on the status of key commercial fisheries to support improved management and selected value chain interventions, particularly for SSF, in view of maximizing production sustainability. | O7: The IMPLEMENTATION PROGRESS RATING should reflect the extent to which the implementation of the project’s components (outcomes) and activities (outputs) are in compliance with the approved implementation plan.
B8: Output 1.1 Regional data collection and analysis required to strengthen fisheries management increased, including collection of socioeconomic data | D8: Number of countries where data collection campaigns/surveys have been carried out to collect biological data and/or gender-disaggregated socioeconomic data | F8: Data collection campaigns/surveys have been carried out in 6 countries (Albania, Algeria, Lebanon, Montenegro, Tunisia, Türkiye). During the reporting period, a second exploratory demersal trawl survey was completed in Lebanon and a trawl gear selectivity trial was completed in Tunisia. | L8: Administrative arrangements are being finalized for the marine litter trial and selectivity trial in Morocco expected in second half of 2026. Delayed pelagic acoustic survey in Algeria (originally scheduled for summer 2024 and delayed due to equipment malfunction) is expected to be completed in summer 2026. | O8: For more details, consult the GEF Policy on Project Monitoring (click here)
O10: Include OUTCOMES and INDICATORS as per the project Results Framework. They may have been updated in a project revision.
O11: New Outcomes can only be included if they were updated in an approved project revision.
B12: Output 1.2 New approaches developed for the identification of fisheries management plans and measures, including for SSF | D12: Number of new approaches endorsed for the identification of management measures integrating socioeconomic aspects and stakeholder evaluation | F12: Indicator revised per MTR recommendations. 2 new approaches were endorsed for the identification of management measures integrating socioeconomic aspects and stakeholder evaluation. These include the two-pronged approach for SSF (consisting of better incorporating SSF information into ongoing assessments while also engaging stakeholders in a participatory ecosystem approach to fisheries management - endorsed in 2023), and the streamlined GFCM Management Strategy Evaluation (MSE) framework (comprising an adaptable approach for modelling potential management scenarios, including extensive stakeholder engagement, under diverse data-availabliity contexts - endorsed in 2025). | L12: Work continues to support capacity development for applying the MSE framework under data-limited scenarios
O13: Under each outcome, include the main OUTPUTS delivered during the Fiscal Year as per the project's Logframe.
O14: New outputs can only be included if they were updated in an approved project revision.
B16: Output 1.3 Value chain data collection, analysis and modelling improved and integrated in the fisheries management advisory process | D16: Number of fisheries value chains addressed via studies using gender-sensitive approaches that value the contribution of women along the value chain | F16: 2 fisheries value chains were addressed (through the development of market-based solutions for lionfish in southwest Türkiye, and a consumer preference study for round sardinella fisheries in Lebanon). A regionally harmonized value chain data collection methodology has been drafted and is currently being refined via a pilot application of the methodology in Tunisia (blue crab fisheries) and Lebanon (round sardinella fisheries) | L16: As per the MTR recommendations and PSC approval, the number of target value chain studies has been reduced (total of 3), with focus on developing and adopting a regionally harmonized value chain methodology
O17: Report the ACHIEVEMENTS IN THE LAST 12 MONTHS in the same unit of measures of the project indicators.
O18: Provide a coherent and short description of the main achievements (maximum one or two short sentences)
B20: Output 1.4 Increased participation of stakeholders (including private sector) in the fisheries management process to support effective fisheries management advice and implementation of management measures | D20: Number of stakeholder organizations – including women’s organizations – having engaged in fisheries management processes | F20: 34 organizations have engaged in fisheries management processes thus far. A detailed mapping of highly disparate and multifaceted fisher-stakeholder organizations is underway, aiming to support improved stakeholder integration into the GFCM fisheries advisory process. National stakeholder dossiers were prepared for each country and are currently under validation.
O21: Describe ANY VARIANCE or CHALLENGE in delivering outcomes or outputs.
O22: Variance refers to the difference between the expected and actual progress at the time of reporting.
B24: Output 1.5 Good practices identified for promoting socially sustainable fisheries, including through social protection coverage | D24: Number of background documents prepared identifying good practices for improving gender-responsive and meaningful social protection coverage among women and men small-scale fishers and fish workers within a select fishery | F24: 0 background documents prepared. Background work was carried out to develop a questionnaire, aiming to inform a SWOT analysis for socially sustainable blue crab fisheries, including access to social protection. Work is being conducted in coordination with the GFCM research programme on blue crabs and the FAO/Monterrey Bay Aquarium project on socially sustainable blue crab fisheries in Tunisia. | L24: Due to changes in national regulations for workshops with international participants in Tunisia, a planned December 2025 workshop was canceled. The project PSC agreed to transform the work to a desk study, with inputs from relevant national experts, to be presented and discussed at the final workshop of the GFCM's Blue Crab research programme.
B28: Outcome 2. Fisheries management better accounts for the quantity and magnitude of IUU fishing in the Mediterranean Sea and incorporates control measures, including through the use of emerging technologies.
B29: Output 2.1 National authorities trained on IUU fishing assessment methodologies | D29: Number of national representatives participating in IUU assessment trainings and demonstrating increased knowledge | F29: 12 national representatives participated in IUU assessment trainings, resulting in improved knowledge. Over the reporting period, important advances were made against the 3-phase roadmap for IUU assessment capacity development with a first training on the impact of IUU fishing in the Mediterranean and Black Sea held in January 2026 (Phase 1), a second training focusing on IUU risk assessment methodologies held in April 2026 (Phase 2), and a third phase initiated (not yet complete) in Albania and Türkiye for the application of the IUU risk assessment methodlogies (Phase 3). | L29: As per the MTR recommendations and PSC approval, the indicator has been revised to reflect the changed approach towards training on IUU assessment (as agreed in the previous reporting period)
B33: Output 2.2 Information on legal frameworks relating to IUU fishing and fisheries crimes collected, analyzed and disseminated, including through a regional repository | D33: Number of legislation-related documents within repository/database | F33: 201 legislation-related documents are included within the GFCM-LEX repository of national legislation. All GFCM-LEX profiles were completed durign the reporting period and continued IT support (experts and tools) was provided towards facilitating the launch of the GFCM-LEX platform (forthcoming).
B37: Output 2.3 Monitoring, Control and Surveillance technology tested and tailored to the capacity of countries | D37: Number of MCS solutions trialed at country level | F37: 8 MCS technology solutions were trialed at country level (Albania, Montenegro and Türkiye), with the VMS pilot studies concluded in all three countries. The VMS procurement action was finalized in Türkiye (with installation and airtime services initiated) and is underway in Montenegro (tender closed and contract being prepared) and Albania (tender currently open). A gear sensor pilot study was also finalized in Montenegro during the reporting period, with technical specifications under finalization and a tender for gear sensor procurement expected shortly.
B41: Output 2.4 Implementation of International Plan of Action to fight IUU and Regional Plan of Action to fight IUU facilitated through the development of National Plans of Action to fight IUU (NPOA-IUU), also supporting provisions to address unreported and unregulated fishing from bycatch, discards and abandoned fishing gear | D41: Number of national administration representatives engaged in NPOA-IUU trainings | F41: 15 national administration representatives were engaged in NPOA-IUU trainings (carried out in previous reporting periods). During the reporting period, support was provided to countries to facilitate normative work to address unreported and unregulated fishing, particularly through improving knowledge on in the incidental catch of vulnerable species (through monitoring and mitigation trials underway in Türkiye and Libya) and discards monitoring underway in Albania and starting in Morocco. Abandoned, lost and otherwise discarded fishing gear (ALDFG) was also addressed in Morocco through the publication of a graphic novel on the GFCM gear marking Recommendation as an awareness raising tool, through field work to retrieve ghost gear (in collaboration with local Moroccan community partners, including a women's association working on recycling the retrieved litter and awareness raising with school children). Technical assistance was also initiated in Tunisia on legislation for the marking of fishing gear.
B45: Outcome 3. Healthier marine ecosystems with more productive fisheries in place, through the synergistic application of ecosystem-based conservation/ management tools and improvements in fisheries tenure governance.
B46: Output 3.1 Protection of vulnerable marine ecosystems supported through the identification and application of area-based management tools for fisheries | D46: Number of trials and/or pilot studies conducted to identify area-based management tools and/or essential fish habitats | F46: 4 trials and pilot studies were conducted, including the adoption of the Otranto Channel Fisheries Restricted Area, sensitive benthic data collection in Albania and Montenegro, and the publication of a regional protocol for integrating environmental DNA-based approaches into fishries monitoring. During the reporting period, the e-DNA protocol was published and work also advanced towards the finalization of an inventory of national fisheries area-based management tools, populating the GFCM database on National Fisheries Restricted Areas (FRAs) (work is currently under validation with the countries).
B50: Output 3.2 Common areas of interest between environment and fisheries identified and guiding documents developed to support coherence and progress toward Good Environmental Status (GES) in the Mediterranean | D50: Number of guiding documents developed to support coordination and coherence between environment and fisheries administrations on areas of common interest | F50: 0 guiding documents developed. During the reporting period, work advanced and preparatory publications were released on the interlinkages between fisheries and environment data, towards the alignment of GFCM and UNEP-MAP reporting frameworks, with these publications presented by the CORMON meeting. This work feeds follow-up work to prepare the guiding document, foreseen in the next reporting period, in line with the revised workplan approved by the Project Steering Committee. | L50: The output was revised by the PSC to adopt a broader and more strategic approach. Implementation now focuses on strengthening coordination between fisheries and environmental administrations through enhanced alignment of GFCM and UNEP/MAP reporting frameworks, the identification of common areas of interest, regional dialogue and capacity building.
B54: Output 3.3 Measures identified to cope with the negative effects of non-indigenous species on biodiversity, as well as to support climate change adaptation and mitigation | D54: Number of measures developed and disseminated to mitigate the negative impacts of non-indigenous species and other potential stressors on biodiversity and marine ecosystems | F54: 9 measures developed and disseminated to mitigate the negative impacts of NIS. While the meaures were developed during the previous reporting period, work advanced during the current reporting period to promote dissemination of this information, while also advancing on the finalization and testing of the MAMIAS database. Work also advanced during this reporting period supporting climate change adaptation strategies, including the finalization of a guideline document (under publication) and the completion of a regional workshop on Nature Based Solutions and Climate Change Adaptation Strategies for Coastal and Marine Ecosystems (December 2025) | L54: Following MTR recommmendations and PSC approval, the climate change adaptation component of this output was revised to improve its coherence with the project's overall implementation strategy and maximize country-level impact. Rather than developing standalone climate change adaptation strategies or action plans, the project will support the identification of climate risk adaptation measures and priority actions in four beneficiary countries (Libya, Montenegro, Morocco and Tunisia), to be integrated into the NAP+. This revised approach ensures that climate adaptation considerations are embedded within national conservation and fisheries management planning processes and blue economy strategies while avoiding duplication with existing initiatives.
B58: Output 3.4 Innovative approaches developed and trialed to mitigate the negative interactions of fisheries with the marine environment | D58: Number of studies, technical trials and/or guidance documents produced to improve fisheries’ interactions with the marine environment | F58: 4 studies, trials, guidance documents have been completed, including gear selectivity trials, evaluation of the impact of underwater noise from bottom trawlers, pilot retrieval of ghost gear and guidance on reducing discharge of solid waste from fishing boats. During the reporting period, selectivity trials for trawl fisheries targeting European hake in the Strait of Sicily were carried out, contributing towards management discussions. Technical inputs were also provided to the field work to retrieve ghost gear in Morocco, including the technical monitoring of the ghost gear impacts (in support to output 1.4). Finally the document on guidelines on reducing solid waste from fishing vessels was published during the reporting period.
B62: Output 3.5 Strengthened regional capacities for fisheries tenure interventions | D62: Number of countries participating in regional workshop on fisheries tenure | F62: 6 countries participated. No further action was foreseen during the reporting period.
B66: Outcome 4. Blue economy at the regional and country level promoted through the identification of existing hurdles via a concerted approach among relevant stakeholders.
B67: Output 4.1 Strategic guidance prepared to support alignment of fisheries sector priorities and needs with emerging Blue Economy opportunities in the Mediterranean region | D67: Number of strategic guidance documents produced on integrating and promoting fisheries within a Blue Economy context | F67: 0 strategic documents produced. Work underway to gather inputs for this guidance document, as well as to build a database of key fisheries Blue Economy stakeholders, with the final document (and related tools) expected in the next reporting period.
B71: Output 4.2 NAP+ with investment plan developed and pilot activity initiated | D71: Number of countries advancing a NAP+ | F71: 4 countries have progressed in the development of NAP+ (Montenegro, Morocco, Libya and Tunisia), with preparatory work completed on investment plans and pilot activities and the first national workshops held. In parallel, national studies are being prepared in five countries (Albania, Algeria, Bosnia and Herzegovina, Libya and Montenegro) to assess Blue Economy opportunities and constraints from a biodiversity and fisheries perspective, providing the technical basis for NAP+ development where relevant. | L71: An accelerated roadmap was discussed and agreed at the 4th PSC in February 2026, with actions since them adjusted accordingly.
B75: Outcome 5. Integrated pathways conducive of conservation and sustainable management promoted at the regional and global level.
B76: Output 5.1 Coordination mechanisms created or strengthened to support NAP+ processes | D76: Number of countries where coordination mechanisms have been created or strengthened to support NAP+ | F76: 4 countries. Ad hoc coordination mechanisms related to NAP+ and involving public and private actors have started in Libya, Montenegro, Morocco and Tunisia. | L76: An accelerated roadmap was discussed and agreed at the 4th PSC in February 2026, with actions since them adjusted accordingly.
B80: Output 5.2 Learning and uptake of ecosystem-based fisheries management approaches promoted | D80: Number of participants supported by project trainings, workshops or other learning opportunities | F80: 467 participants (41% female/59% male). Of this total, 345 participants (41% female/59% male) have been supported during the reporting period, covering 13 events, workshops and trainings held in the context of the project.
B84: Output 5.3 Lessons learned and good practices disseminated to showcase project impact, including the benefits of the concerted GFCM-MAP approach | D84: Number of lessons learned, good practice and communications products published through FAO-GFCM, UNEP-MAP/SPA/RAC, IW:Learn and/or project beneficiaries’ platforms | F84: 52 communications products were published via the FAO-GFCM, UNEP-MAP, SPA-RAC, IW:Learn and/or project beneficiaries' platforms. Of these, 31 communications products were published during the reporting period, including stories on ghost gear retrieval in Morocco, NIS workshops, and tackling IUU fishing. | L84: A revamped KMC plan was agreed by the PSC in February 2026, resulting in an improved approach to project communications and a shift to more coherent project narratives and dedicated comms products.
B88: Output 5.4 Participation in relevant global GEF-related for a | D88: Number of IW:Learn global meetings attended | F88: 4 meetings (LME22, LME23,LME24 and IWC10). During the reporting period, the project participated in the 24th Annual Large Marine Ecosystems Consultative Meeting (LME24) organized by IW:Learn.
B93: Implementation Progress (IP) , and Overall Assessment
B95: Please note that the overall IP ratings should be substantiated by evidence and progress reported above. The ratings and comments shoud reflect the overall progress of results during the fiscal year (July 1 2025, to June 30, 2026) | P95: Completion of the IMPLEMENTATION PROGRESS rating table:
D96: Project Manager/ Coordinator | F96: Lead Technical Officer | H96: Budget Holder | J96: GEF Operational Focal Point (OFP) | L96: GEF Technical Officer (GTO)
B99: FY2026 Implementation Objective rating10 | D99: Satisfactory (S) | F99: Satisfactory (S) | H99: Satisfactory (S) | J99: Satisfactory (S) | L99: Satisfactory (S)
P101: When rating, consider the achievements reported above.
B102: Comments/reasons justifying the ratings for FY2026 and any changes (positive or negative) in the ratings since the previous reporting period | D102: Implementation of project outputs progressed significantly during the reporting period, supported in large part by the recommendations of the Mid-Term Review (MTR). These recommendations helped streamline and reorganize activities, strengthening project coherence, enhancing the results-based management approach, and fostering greater integration across workstreams, particularly between the fisheries and environmental sectors. However, the revised work plan endorsed by the Project Steering Committee (PSC) in February 2026 provides a clear and realistic roadmap for implementation moving forward. Knowledge management activities also gained momentum during the reporting period, benefiting both from the MTR recommendations and from the growing body of results generated by project activities over the past year. Overall, implementation remains on track, and the project is expected to achieve its planned outputs and outcomes within the envisaged timeframe. | F102: The MTR highlighted some key design and implementation concerns for the project, which were hindering both project executing and progress in delivering outcomes and therefore outputs. The Executing agencies have taken swift action, and with the support from the PSC, have adjusted the course of the project, both to deliver clearer results and to make more effective use of remaining funds. The updated framework and indicators are now more aligned and their achievement, in broad terms, remains satisfactory. Nevertheless, concerns continue to exist with some outputs under Component three as well as components 4 and 5, which will require significant levels of efforts from all project stakeholders in order to deliver impactful results by project end. | H102: The rating is satisfactory given the changes made to the project as a result of the recommendations from the MTR. A few outputs remain delayed, and it is critical that they are delivered on-time and on budget. The updated logical framework and timelines for activities reflect the active engagement of project partners and stakeholders and reflect a commitment from the project to deliver its outputs on-time and achieve longer term impacts. | J102: The project continues to advance in line with the agreed work plan and objectives. Türkiye welcomes the progress achieved during the reporting period, including the implementation of the Mid-Term Review recommendations and the revised work plan endorsed by the Project Steering Committee in February 2026. Engagement and coordination with relevant national stakeholders remain constructive and effective. Türkiye appreciates the technical assistance provided and encourages continued efforts towards regional cooperation, capacity building and institutional strengthening in the Mediterranean context. | L102: Implementation accelerated noticeably during the reporting period, following the Mid-Term Review and the subsequent revision of the workplan and results framework endorsed by the PSC. Delivery was substantive across a broad range of activities: fisheries surveys and selectivity trials progressed, a streamlined Management Strategy Evaluation approach was endorsed, value-chain methodologies were developed and piloted, the GFCM-LEX repository was substantially populated, and work on IUU fishing assessment and MCS technologies advanced through training, country pilots and procurement processes. The project also produced tangible ecosystem-based management results, including the publication of the regional eDNA protocol, further work on area-based fisheries management, measures addressing non-indigenous species and climate adaptation, and practical interventions on ghost gear and fisheries-related marine litter. Implementation has not been uniform across all components. Some planned activities remain delayed because of procurement and administrative procedures, equipment-related constraints and limited national capacity, while a number of outputs under Components 3 and 4 are still at preparatory rather than completion stage. In particular, the strategic Blue Economy guidance and NAP+ processes will require sustained implementation effort during the remaining project period. The response to the MTR is, however, encouraging: activities have been rationalized, coordination between GFCM, UNEP/MAP and SPA/RAC has improved, an accelerated roadmap for the NAP+ work has been agreed, and knowledge management has been strengthened considerably. On balance, implementation during the reporting period was consistent with the formally revised workplan and showed clear improvement in pace and coherence. A Satisfactory rating is therefore appropriate, provided that the remaining delayed outputs continue to be closely managed against the June 2027 completion date.
P103: Ratings should reflect progress (not efforts). Giving high rates for initiatives that have low progress hurts FAO credibility and should be avoided.
P105: Efforts can and should be included in the SUMMARY section and in the table above. These information will provide context to the ratings.
P108: How to collect the ratings: The LTO will consult the HQ technical officer and all other supporting technical Units.
P109: The Budget Holder will consult the GEF Operational Focal Point in each country to collect comments.
P110: In case the GEF OFP didn’t provide his/her comments, please explain the reason.
P112: Choose the FY 2025 IMPLEMENTATION OBJECTIVE RATING from the drop-down menu
P113: To help you rate, refer to the rating categories and definitions in the GEF Secretariat six-points scale below:
P117: GEF Performance Ratings Definitions
P118: Implementation Progress Rating. A rating of the extent to which the implementation of a project’s components and activities is in compliance with the project’s approved implementation plan.
B119: 9 Variance refers to the difference between the expected and actual progress at the time of reporting. 10 Implementation Progress Rating – A rating of the extent to which the implementation of a project’s components and activities is in compliance with the projects approved implementation plan. | P119: Highly Satisfactory (HS) | R119: Implementation of all components is in substantial compliance with the original/formally revised implementation plan for the project. The project can be resented as “good practice”
P120: Unsatisfactory (U) | R120: Implementation of most components is not in substantial compliance with the original/formally revised plan
P121: Highly Unsatisfactory (HU) | R121: Implementation of none of the components is in substantial compliance with the original/formally revised plan.
P125: Questions? Contact our support: faogef-pir-support@fao.org

Sheet 4. Summary_Progress & Challenge
B2: 4. Summary on progress and challenges | N2: To move to the next line inside the delimitated field, press Alt+Enter in your keyboard.
B3: Please provide a summary paragraph on project implementation progress consistent with the information reported in section 2 and 3 of the PIR (Max 400 words) (This section will be uploaded to the GEF portal) | N3: Guidance
B5: Project implementation is progressing well overall, with most core indicators performing satisfactorily to highly satisfactorily and several targets already achieved. Although the indicator on “landings from relevant Mediterranean fisheries under sustainable management” declined to 128,386 tonnes (from 142,180 tonnes), this reflects the effectiveness of management measures that often reduce catches in the short term to ensure long-term sustainability. Accordingly, the project continues to contribute meaningfully to reversing the overexploitation of selected commercial marine resources. This is corroborated by the indicator "percentage of relevant Mediterranean priority stocks whose status has improved" (which increased from 41% to 50%) and by findings from the GFCM’s State of Mediterranean and Black Sea Fisheries (SoMFi) publication (released during the reporting period, thanks in part to data contributed by the project), which confirms a regional decline in overexploited stocks. These results are underpinned by advances across all outcomes during the reporting period. Under Outcome 1, data collection and advisory processes improved through the completion of an exploratory survey in Lebanon despite geopolitical delays, the endorsement of a streamlined Management Strategy Evaluation (MSE) framework for data-limited contexts, and the development and piloting of a harmonized regional value chain methodology in Tunisia and Lebanon. This value chain methodology was complemented by a consumer preference study on round sardinella and progress in mapping fisher-stakeholder organizations to support more inclusive consultation. Under Outcome 2, advances were made in assessing IUU fishing through a structured three-phase training programme, the GFCM-LEX repository was populated with over 200 legal documents, and monitoring technologies were rolled out, including via pilots for Vessel Monitoring Systems (VMS) and gear sensors. Technical support also strengthened work on discards, bycatch and abandoned fishing gear, including ghost gear retrieval in Morocco, alongside continued progress toward the adoption of National Plans of Action on IUU fishing. Outcome 3 delivered key ecosystem-based advances, including a regional protocol integrating environmental DNA into fisheries monitoring, progress on area-based management inventories, trawl selectivity trials in Tunisia, improved alignment of fisheries information within UNEP-MAP frameworks, and a regional workshop on nature-based solutions and climate adaptation. Under Outcomes 4 and 5, progress was made on blue economy integration and regional cooperation through setting up NAP+ coordination mechanisms and organising kick off workshops, strengthened coordination arrangements at national level between fisheries and environmental authorities, and a revamped knowledge management and communication strategy improving coherence, visibility and uptake of project results. These advances were further enabled by mid-term review recommendations, which streamlined activities and project coherence, while better clarifying synergies between fisheries and environmental governance. | N5: Inform here only the summary of PROGRESS
B17: Please provide a summary paragraph on challenges of project implementation consistent with the information reported in section 2 and 3 of the PIR (Max 400 words) (This section will be uploaded to the GEF portal)
N18: Inform here only the summary of CHALLENGES
B19: Project implementation has faced several challenges during the reporting period. These include issues stemming from a weak project design, notably the need to update and refine the results framework to better reflect achievements, strengthen alignment across components, enhance overall coherence, and more clearly articulate the links between activities, outputs, and intended impacts. Delays in implementing project activities have also been encountered as a result of complex administrative and procurement procedures (e.g. for VMS procurements), technical constraints and equipment malfunctions (e.g. for the pelagic acoustic survey in Algeria), and postponed field activities due to limited capacity of national institutions to respond to multiple concurrent demands (e.g. for selectivity and marine litter trials in Morocco). While these factors have slowed delivery across several components, activities remain on track for completion within the project timeframe. Progress in advancing National Action Plans (NAP+) has likewise been slower than anticipated, with no country yet finalizing a plan that includes an associated investment component and pilot activity. This reflects both early delays in the signing of the UNEP-MAP/SPA-RAC Project Cooperation Agreement, finalized in mid-2024, and the complexity of implementing multi-stakeholder processes within compressed timelines. Also in this case activities remain on track for completion within the project timeframe on the basis of the work plan approved at the 2026 PSC. In addition, coordination, capacity, and knowledge management constraints have posed challenges, including the need to streamline coordination mechanisms, strengthen national ownership, and more effectively capture and communicate project achievements and policy uptake. Although policy integration is progressing well, delays in generating technical results have limited knowledge management and capitalization efforts. Following the recommendations of the MTR, these challenges are being addressed through a revised work plan and adjustments to project outputs, endorsed by the Project Steering Committee (PSC) in early 2026, providing a clear framework for effective project delivery through to completion.
B26: Implementation of Exit Strategy
B28: Has the project developed an Exit Strategy? If yes, please describe the progress to implement it. | F28: The project was developed to closely support and complement the mandates of the Mediterranean’s key regional governance frameworks for fisheries and environment: the General Fisheries Commission for the Mediterranean (GFCM) and the UNEP Mediterranean Action Plan (UNEP-MAP). Its design deliberately embeds project outputs, methodologies, and capacity-building efforts within these institutional processes, including mechanisms such as the GFCM’s MedSea4Fish programme, thereby extending its relevance and impact beyond the project timeframe. To maintain alignment, project work plans are continuously adapted to reflect evolving priorities, decisions, and guidance from these bodies. Furthermore, the dual role of many Project Steering Committee members as national focal points to GFCM and/or UNEP-MAP strengthens coherence, ensures continuity, and facilitates the integration of project outcomes into regional policy and governance frameworks. Looking ahead, dedicated efforts in the next reporting period will focus on consolidating this exit strategy and identifying concrete pathways to sustain and build on project results. | N28: Indicate if the project has developed an EXIT STRATEGY for its sustainability. Describe the progress in its implementation.
B31: How is the project enhancing institutional capacities to foster country ownership for more durable / sustained results? | F31: The project adopts a strong country-driven approach by framing most activities as context-specific capacity development efforts embedded within national systems. Instead of focusing primarily on conventional training or knowledge exchange, it emphasizes practical, field-based actions implemented at the country level. While regional expertise provides technical support, national institutions and stakeholders take the lead in execution, ensuring that the knowledge, tools, and methodologies introduced are fully absorbed and anchored within existing structures. This approach not only enhances technical capacities but also reinforces national ownership, leadership, and accountability, ultimately supporting the long-term sustainability and continued application of ecosystem-based fisheries management beyond the project cycle. | N31: Describe project's efforts to enhance institutional capacity to foster country ownership and promote sustainability
N32: Some examples: (a) Training-of-Trainers approach to institutionalize, sustain and replicate training activities beyond the project duration;
N33: (b) enhancing capacities of national Ministries based on assessed needs; (c) fostering of cross-sectoral and multi-stakeholder coordination;
N34: (d) supporting producer organizations and community-based natural resources organizations throughout the project duration.
N45: Questions? Contact our support: faogef-pir-support@fao.org

Sheet 5. ESS Risk
M1: To move to the next line inside the delimitated field, press Alt+Enter in your keyboard.
B2: 5. Environmental and Social Safeguards (ESS): risks from the project | M2: Guidance
M3: Refer to the ESS PLAN included in the CEO Endorsed Prodoc and FAO ESM guidelines to complete this section.
B4: Initial ESS Risk Classification (at CEO Endorsement/Approval Stage) | E4: Low risk | M4: For projects created in FPMIS before 23 June 2023 - refer to FAO Environmental and Social Management Guidelines (ESMG) (click here).
M5: Projects created thereafter - the new Framework for Environmental and Social Management (FESM) standards applies (click here) | N5: https://openknowledge.fao.org/server/api/core/bitstreams/ec26b74f-4470-4e40-a7c6-aa07d7c96f6f/content | O5: https://openknowledge.fao.org/server/api/core/bitstreams/ec26b74f-4470-4e40-a7c6-aa07d7c96f6f/content | P5: https://openknowledge.fao.org/server/api/core/bitstreams/ec26b74f-4470-4e40-a7c6-aa07d7c96f6f/content | Q5: https://openknowledge.fao.org/server/api/core/bitstreams/ec26b74f-4470-4e40-a7c6-aa07d7c96f6f/content | R5: https://openknowledge.fao.org/server/api/core/bitstreams/ec26b74f-4470-4e40-a7c6-aa07d7c96f6f/content | S5: https://openknowledge.fao.org/server/api/core/bitstreams/ec26b74f-4470-4e40-a7c6-aa07d7c96f6f/content | T5: https://openknowledge.fao.org/server/api/core/bitstreams/ec26b74f-4470-4e40-a7c6-aa07d7c96f6f/content | U5: https://openknowledge.fao.org/server/api/core/bitstreams/ec26b74f-4470-4e40-a7c6-aa07d7c96f6f/content | V5: https://openknowledge.fao.org/server/api/core/bitstreams/ec26b74f-4470-4e40-a7c6-aa07d7c96f6f/content | W5: https://openknowledge.fao.org/server/api/core/bitstreams/ec26b74f-4470-4e40-a7c6-aa07d7c96f6f/content | X5: https://openknowledge.fao.org/server/api/core/bitstreams/ec26b74f-4470-4e40-a7c6-aa07d7c96f6f/content | Y5: https://openknowledge.fao.org/server/api/core/bitstreams/ec26b74f-4470-4e40-a7c6-aa07d7c96f6f/content
M6: Contact the ESM Unit (ESM-Unit@fao.org) to receive guidance and support on how to comply with safeguards requirements.
B7: New environmental and social risks. | E7: No new environmental or social risks identified in the reporting period
M8: For the INITIAL ESS RISK CLASSIFICATION, consult the CEO Endorsed Prodoc
M10: FOR ALL PROJECTS
M11: Describe any NEW ENVIRONMENTAL AND SOCIAL RISKS identified in this reporting period.
M12: Indicate which safeguards standards were triggered in the policy that applies to the project.
B15: Progress made towards implementing the Enivronmental and Social Management Plan (ESMP) (only for Moderate and High Risk Projects) | E15: n/a
M16: MODERATE and HIGH RISK PROJECTS: describe the progress made towards implementing the Environmental and Social Management Plan (ESMP).
M18: Summarize the risks, their mitigation measures, and the status of their implementation, as described in the ESMP.
B23: Grievance Redress Mechanism (GRM) | E23: No grievance received
M24: Report on the effectiveness of the Grievance Redress Mechanism (GRM).
M26: Please specify if the GRM is receiving and processing complaints.
M28: If any grievance was received , please specify how it is being/has been addressed.
M54: Questions? Contact our support: faogef-pir-support@fao.org

Sheet 6. Risks to the Project
R1: To move to the next line inside the delimitated field, press Alt+Enter in your keyboard.
B2: 6. Risks to the Project | R2: Guidance:
B4: The following table summarizes risks identified in the Project Document and reflects also any new risks identified during the project implementation. | R4: To complete this section, consult the risk table included in the CEO Endorsed Prodoc
R5: Inform any new risks identified during the reporting year (not included in Prodoc)
C7: Type of risk | E7: Risk rating11 | F7: Identified in the ProDoc Y/N | G7: Description of Risk | L7: Mitigation measure implemented
R8: Choose the TYPE OF RISK from the drop-down menu
B9: 1 | C9: Strategic | E9: Moderate | F9: Yes | G9: Different/divergent stakeholder interests may prevent efficient consensual implementation (lack of environment-fisheries dialogue, different understanding and definition of the importance of the problems and priorities, difficulties in promoting a concerted approach, etc.) | L9: Official project focal points from the relevant environment and fisheries ministries have been in place since the outset to ensure clear guidance and shared ownership of project objectives. The PMU maintains regular engagement with these counterparts to support consistent implementation and proactively address any risks of misalignment with stakeholder expectations.
R12: Choose the appropriate RISK RATING from the drop-down menu (as classified in the CEO Endorsed Prodoc)
B13: 2 | C13: Safety & Security | E13: Substantial | F13: Yes | G13: Instability in some countries undermines their active participation in the proposed project activities | L13: A key measure remains the flexibility to postpone or suspend activities in contexts where security conditions affect safe or effective implementation. This was previously necessary in Lebanon, where activities were put on hold due to the geopolitical situation. While no disruptions occurred during the reporting period, the situation continues to be closely monitored in coordination with national focal points.
R16: Was the risk identified in the CEO Endorsed Prodoc? From the drop-down menu, select YES or NO (if it's a new risk)
B17: 3 | C17: Social | E17: Low | F17: Yes | G17: Tensions among fishers over the access to and management of the living marine resources | L17: The project promotes an ecosystem-based fisheries management approach that inherently encourages active engagement of fisher stakeholders, creating platforms to address tensions constructively. During the reporting period, no specific conflicts over the use of living marine resources were observed among countries or within fishing communities addresed by the project.
R20: For each risk, inform mitigation actions planned and the progress in the implementation during this fiscal year
B21: 4 | C21: Institutional | E21: Low | F21: Yes | G21: Bureaucratic obstacles in the implementation of certain activities | L21: As this project represents an initial effort to ensure coordinated action between different national authorities (e.g. Ministries of Fisheries and Environment), administrative constraints can at times affect collaboration. To mitigate this, the Executing Agencies work proactively with Implementing Agencies and national administrations to anticipate and resolve procedural issues (e.g. contracting, procurement, travel), identifying practical solutions or agreed exceptions where needed. During the reporting period, only a minor issue arose in Tunisia regarding new internal authorization requirements for meetings involving foreign participants. In coordination with national focal points, this was addressed through an alternative approach - shifting the workshop to a desk-based study combined with online expert exchanges - which was deemed technically appropriate and is not expected to adversely affect project outcomes.
B24: 5 | C24: Operational & Logistical | E24: Low | F24: Yes | G24: Limited national capacity for the proposed project effective implementation in some countries persist | L24: This risk is central to the project’s intervention logic, and significant resources are therefore dedicated to strengthening the capacity of national authorities. To mitigate it, implementation involves a broad range of partners supporting the Executing Agencies in achieving and sustaining project outcomes. During the reporting period, multiple capacity-building activities - such as trainings, workshops, and field-based data collection with regional expert support - were carried out, with lessons learned informing future work plan activities, as well as the project sustainability plan. | R24: Add lines as necessary to include all the risks identified. One risk per line.
B28: 6 | C28: Operational & Logistical | E28: Low | F28: Yes | G28: Low participation by stakeholders in specific activities | L28: The project seeks to raise awareness of the benefits of stakeholder participation, with particular emphasis on the economic gains linked to sustainable and profitable fisheries. The PMU maintains regular coordination with key stakeholders, and project steering committees have seen high levels of participation. However, the large number of initiatives in the region places significant demands on national focal points, underscoring the need for efficiency in engagement. The project also promotes an ecosystem-based management approach, actively involving fisher stakeholders in relevant discussions. In parallel, ongoing knowledge management and communication efforts aim to improve visibility and awareness of project progress among stakeholders.
B32: 7 | C32: Environmental | E32: Low | F32: Yes | G32: Climate-induced phenomena and variations | L32: The project addresses climate impacts on fisheries by promoting adaptation strategies and monitoring non-indigenous species, thereby strengthening countries’ ability to mitigate negative effects. It builds on ongoing scientific work and aligns with FAO approaches to support the transition toward climate-resilient fisheries. Given the project’s low overall climate risk, no additional comprehensive climate risk assessment was required.
B36: 8 | C36: Safety & Security | E36: Low | F36: Yes | G36: Outbreak of diseases in the region and beyond (Covid-19) | L36: During the reporting period, the risk of disease outbreaks (e.g. COVID-19) remained low. Nonetheless, the project has continued to apply lessons learned, including the use of online meeting tools for selected activities (such as bilateral coordination), improving efficiency while maintaining readiness to respond to any future pandemic-like situations.
B40: 9 | C40: Legal & Regulatory | E40: Low | F40: Yes | G40: Fisheries tenure | L40: Building on prior progress, the project continues to integrate tenure and user rights considerations into fisheries management, with the PSC deeming fisheries tenure a non-critical issue in the current context.
B44: 10 | C44: Social | E44: Moderate | F44: Yes | G44: Women are not adequately represented in involved stakeholders groups | L44: The project promotes women’s participation in national stakeholder platforms and in strengthening fisheries and marine ecosystem management, while supporting their empowerment to actively contribute to consultations and leadership. Efforts to address gender inequalities include improving data on women in fisheries, ensuring their representation in stakeholder processes, and mapping relevant stakeholders, including women’s organizations where available.
B48: 11 | C48: Safety & Security | E48: Low | F48: Yes | G48: Re-instatement of COVID-19 containment measures with no, restrictions on or cancellation of travel and personal meetings, impacting project activities such as training events (including during the PPG phase) | L48: The project continues to apply an adaptive management approach, with work plans regularly reviewed and adjusted to reflect evolving circumstances. While COVID-19–related risks have subsided, lessons learned - such as the use of flexible and remote coordination methods - continue to inform implementation, ensuring preparedness for potential disruptions. All actions remain aligned with GEF, FAO, UNEP, and participating country policies.
B52: 12 | C52: Political | E52: Low | F52: Yes | G52: Changes in national Government executing body priorities during COVID-19 response, e.g. shifts in resources with less Government focus on environment during the COVID crisis and consequently reduced and changing government partner capacity as human resources are mobilized elsewhere. Similarly, change in capacity of other executing entities and the effectiveness of the overall project implementation arrangement | L52: The PMU maintains regular engagement with national focal points to reflect evolving priorities, adapt activities where feasible, and escalate issues to the PSC when needed.
B56: 13 | C56: Partnership & Coordination | E56: Moderate | F56: Yes | G56: Reduced availability of co-financing availability (co-financing from both the private sector and governments, as well as international donor partners e.g. EU) | L56: Liaison with co-financing partners is maintained to keep them informed of project progress and identify opportunities for synergy and collaboration. While some partners identified during project design are no longer actively engaged due to shifting priorities or timelines, new partners have been brought in following PSC guidance, with efforts underway to quantify their co-financing contributions.
B60: 14 | C60: Operational & Logistical | E60: Low | F60: Yes | G60: Limited capacity and experience for remote work and online interactions | L60: Remote work and online interactions have become standard practice post-COVID, and the PMU leverages digital tools to enhance efficiency where appropriate, with no significant constraints to online engagement observed during the reporting period.
B64: 15 | C64: Operational & Logistical | E64: Low | F64: Yes | G64: Changes in project implementation timelines and delays/difficulty in procuring technical equipment or personnel | L64: Delays in implementation are closely monitored and regularly discussed with the PSC and with national focal points to identify mitigation measures and adjust work plans as needed to keep the project on track.
B68: 16 | C68: Operational & Logistical | E68: Low | F68: Yes | G68: Stakeholder engagement reduced due to restrictions on their mobility | L68: Stringent visa procedures in some countries can be complex and time-consuming, in some cases limiting possibilities for travel. This is mitigated by planning travel arrangements well in advance and/or identifying hybrid or online meeting modalities.
B74: Project overall risk rating (Low, Moderate, Substantial or High):
B75: FY2025 rating | C75: FY2026 rating | D75: Comments/reason for the rating for FY2026 and any changes (positive or negative) in the rating since the previous reporting period
R76: Choose the FY 2024 RATING from the drop-down menu (same as informed in the 2024 PIR)
B77: Low | C77: Low | D77: Overall, the project risk rating continues to be considered as low.
R78: (If this is the first PIR, the FY2024 RATING should be the same as the one included in the CEO Endorsed Prodoc)
R80: Choose the FY2025 RATING from the drop-down menu
R82: Add comments as needed
R83: GEF Performance Ratings Definitions
R84: Risk rating will assess the overall risk of factors internal or external to the project which may affect implementation or prospects for achieving project objectives. Risk of projects should be rated on the following scale:
R85: High Risk (H) | T85: There is a probability of greater than 75% that assumptions may fail to hold or materialize, and/or the project may face high risks.
R86: Substantial Risk (S) | T86: There is a probability of between 51% and 75% that assumptions may fail to hold or materialize, and/or the project may face substantial risks
R87: Moderate Risk (M) | T87: There is a probability of between 26% and 50% that assumptions may fail to hold or materialize, and/or the project may face only moderate risk
R88: Low Risk (L) | T88: There is a probability of up to 25% that assumptions may fail to hold or materialize, and/or the project may face only low risks
B89: 11 Risk ratings means a rating of the overall risk of factors internal or external to the project which may affect implementation or prospects for achieving project objectives. Risk of projects should be rated on the following scale: Low, Moderate, Substantial or High.
R97: Questions? Contact our support: faogef-pir-support@fao.org

Sheet 7. Follow-up on Mid-term review
B2: 7. Follow-up on Mid-term review or supervision mission | M2: To move to the next line inside the delimitated field, press Alt+Enter in your keyboard.
B4: If the project had an MTR or a supervision mission in 2025, please report on how the recommendations were implemented during this fiscal year as indicated in the Management Response or in the supervision mission report. | M4: Only projects that had an MTR or a supervision mission before or during the reporting Fiscal Year need to complete this section
M6: The goal of this section is to keep track of the actions taken during the reporting period to execute the MTR or supervision mission's recommendations.
B7: MTR or supervision mission recommendations | F7: Measures implemented during this Fiscal Year
B9: Recommendation 1: Streamlining, rationalising and consolidating project technical elements | F9: The results framework was reformulated in line with the MTR recommendations. A dedicated Working Group for the Analysis of Fisheries Monitoring Data (WGANALYSIS) on socioeconomic data was held on 8-9 April 2026 where relevant national stakeholders reviewed and discussed the use of socioeconomic data and their integration in the GFCM advisory process. The revised IUU assessment approach is being piloted in two countries and VMS work is being finalized (thanks to the NCE). SPA/RAC and UNEP/MAP revised the implementation approach for Components 3 and 4 to improve project coherence, focus resources on achievable results, and strengthen synergies between fisheries and environmental governance. Under Component 3, activities related to climate change adaptation were refocused on identifying climate risk adaptation measures and priority actions to be integrated into the NAP+ processes in the four beneficiary countries. In line with the revised workplan, no additional activities were undertaken to develop or pilot new measures for the management or eradication of non-indigenous species beyond those already completed. Remaining efforts have focused on finalizing technical activities related to baseline assessments, monitoring and data sharing through MAMIAS. Greater emphasis has also been placed on the dissemination and uptake of the technical knowledge products developed under Outputs 3.2 and 3.3, in close coordination with GFCM to ensure coherent communication and maximize the visibility and uptake of project results. Under Component 4, a common understanding of the NAP+ concept was agreed and endorsed by the Project Steering Committee. The project now focuses on supporting fisheries-oriented National Action Plans for Blue Economy, while aligning, where appropriate, with ongoing national Blue Economy planning processes. A revised workplan, including clear deliverables, milestones and an accelerated implementation roadmap, was approved by the Project Steering Committee, enabling the advancement of NAP+ processes and the preparation of pilot activities in the four beneficiary countries in the remaining project duration including the no-cost extension period. | M9: Include the text of the RECOMMENDATIONS from the MTR or supervision report.
M10: For each recommendation, report on MEASURES IMPLEMENTED DURING THIS FISCAL YEAR
B11: Recommendation 2: Strengthening KMC (Component 5) and wider dissemination of project messages and results | F11: A revised and revamped KMC strategy was agreed by the PSC in February 2026, establishing a clear and consistent project narrative, providing clear direction and responsibilities for all executing agencies (including identifying joint KMC actions), as well as fostering greater stakeholder-driven communications and country up-take, linked with the project stakeholder engagement plan. In line with this revised KMC strategy, dedicated KMC products (experience notes, explainer animations, project videos, news and IW:Learn newsletter articles, etc.) are being prepared to better highlight the transversal outcomes of the project (“what has changed because of the project”), including in collaboration with the sister FishEBM BS project and with the MedProgramme KMC actions. Work is underway to revamp and better populate the project website (housed through the GFCM website) and to publish FishEBM information items on the MedProgramme KM portal, and a structured approach to track the use of knowledge products and measure uptake by stakeholders is under development. A new GFCM KMC specialist - designated as the overall KMC lead for the project - was onboarded in March 2026. She is supported by a SPA/RAC KMC communication officer and the MedProgramme (UNEP/MAP) KMC specialist.
B13: Recommendation 3: Improving project coordination and cooperation/collaboration between UNEP/MAP, SPA/RAC and GFCM and environment and fisheries agencies on project activities | F13: Results framework was updated, including elements to better capture cooperation frameworks, including project management coordination. GFCM and SPA/RAC / UNEP/MAP teams are now holding regular coordination calls, aiming to build synergies among activities. At the national level, fisheries-environment workshops and follow up meetings are being held, particularly in the context of the NAP+ discussions. A common set of joint GFCM-SPA/RAC activities had been identified, primarily linked to the marking of fishing gear in Tunisia (althogh SPA/RAC has recently informed they will no longer contribute to this activity), the retrieval and recycling of ghost nets in Morocco and GFCM input to SPA/RAC-driven NAP+ discussions. An online quarterly meeting of national focal points (fisheries and environment), the GFCM and UNEP/MAP/SPA/RAC teams, with the most recent meeting held on 15 June 2026.
B15: Recommendation 4: Strengthening partnerships and stakeholder engagement, and addressing gender issues | F15: Key project stakeholders kept regularly informed of project results, including through the development of national KMC toolkits aiming to support them in being project "champions". Dedicated work carried out in Morocco with a women's cooperative to develop a new revenue-generating activity, recycling materials from recovered ghost gear. KMC strategy revised to include better showcasing of gender consideration in project communications.
B17: Recommendation 5: Improving project management and sustainability of project results | F17: GFCM TPM transferred responsibility for some technical areas (gender, socioeconomics) to other GFCM staff in order to enable her to focus more closely on project management. UNEP-MAP and SPA/RAC invested staff time (e.g. MedProgramme gender and KMC experts' time) to support. Progress has been made in better documenting co-financing contributions of co-financing partners, although some co-financing still remains to be captured.
B19: Recommendation 6: Strengthening the project M&E and reporting framework | F19: Project results framework was revised and endorsed by the PSC in February 2026, in particular with a view to make the indicators 'SMARTer' and to clarify project outputs. GEF core indicators 2 and 8 were updated with new calculations according to MTR guidance.
B21: Recommendation 7: Agree on No Cost Extensions for critical elements of project to ensure delivery and maximise impact and sustainability of project results | F21: A no cost extension was agreed by the PSC in February 2026, extending the project to 30 June 2027.
M50: Questions? Contact our support: faogef-pir-support@fao.org

Sheet 8. Minor project amendments
B2: 8. Minor project amendments | M2: To move to the next line inside the delimitated field, press Alt+Enter in your keyboard.
B4: Minor amendments are changes to the design or implementation that do not have significant impact on the project objectives or scope, or an increase of the GEF project financing up to 5% as described in Annex 9 of the GEF Project and Program Cycle Policy Guidelines 12. Please describe any minor changes that the project has made under the relevant category or categories and provide supporting documents as an annex to this report if available. (This section will be uploaded to the GEF Portal) | M4: Guidance:
M6: MINOR PROJECT AMENDMENTS are changes to the design or implementation that :
M7: do not have significant impact on the project objectives or scope , or
M8: that do increase the GEF project financing - up to 5%
B9: Category of change | D9: Provide a description of the change | I9: Indicate the timing of the change | J9: Approved by
B12: Results framework | D12: Relevant project outputs and activities were reformulated/rearranged on the guidance of the MTR. The project objective and outcomes remain unchanged from the Project Document. Revisions to the results framework were discussed in detail and agreed at the February 2026 Project Steering Committee meeting. | I12: 46054 | J12: PSC | M12: Describe any MINOR CHANGES that the project has made under the relevant category or categories
M13: Provide supporting documents as an annex to this report, if available.
B14: Components and cost | D14: No changes have been made in terms of total budget amount or cost per component, however, in the context of developing the annual budgets, minor changes have been made to the CEO endorsed budget in terms of cost category (e.g. shifting funds from travel to a consultancy, etc.) to align with evolving needs for activity implementation. | I14: 46054 | J14: PSC
M15: The TIMING OF CHANGE : inform when the change was adopted (at least month/year)
B16: Institutional and implementation arrangements
M17: Indicate WHO APPROVED the changes (Project Steering Committee, GEF Technical Officer, Lead Technical Officer etc.)
B19: Financial management
B21: Implementation schedule | D21: A new work plan, integrating MTR comments and recommendations was presented and approved at the last PSC, with a No Cost Extension agreed until 30 June 2027. | I21: Feb-26 - Jun-27 | J21: PSC | M21: DO NOT report Major Amendments in the PIR (here). They are:
B23: Executing Entity | M23: Changes in project design or implementation that have a significant impact on the project’s objectives or scope
B25: Executing Entity Category | M25: Changes that result in an increase of the GEF project financing of more than 5%
B27: Minor project objective change | M27: Major Amendments need to be cleared and approved by FAO as the implementing agency.
M28: Such changes also require approval by the GEF secretariat and the GEF Council
B29: Safeguards
B31: Risk analysis
B33: Increase of GEF project financing up to 5%
B36: Co-financing
B38: Location of project activity
B40: Other minor project amendment (define)
B45: 12 GEF Council meeting documents, guidelines, project and program cycle policy 2020 update
M51: Questions? Contact our support: faogef-pir-support@fao.org

Sheet 9. Stakeholders' Engagement
C2: 9. Stakeholders' Engagement | N2: To move to the next line inside the delimitated field, press Alt+Enter in your keyboard.
C4: Please report on progress, challeges, and outcomes on stakeholder engagement (based on the description of the Stakeholder Engagement Plan) included at CEO Endorsement/Approval during this reporting period. (This section will be uploaded to the GEF Portal)
N5: Guidance:
N7: Refer to the Stakeholder's Engagement Plan included in the CEO Endorsed Prodoc or to the Stakeholders’ Engagement section of the Project Document
C8: Profile | E8: Stakeholder name | G8: Type of partnership | H8: Progress, results & Challenges on Stakeholder's Engagement | N8: Stakeholders can include, among others, community-based organizations (CBOs), Indigenous Peoples organizations, women’s groups, private sector companies, farmers, universities, research institutions, and all major groups as identified, for example, in Agenda 21 of the 1992 Rio Earth Summit.
C9: Government Institutions | E9: Government of Albania | G9: Co-financer/project partner | H9: Active project participation and regularly strengthened coordination. Engagement is particularly strong on component 2, with the finalization of the VMS pilot and related procurement underway and support to national legislation and the adopting of a NPOA-IUU.
C10: Government Institutions | E10: Government of Algeria | G10: Project partner | H10: Changeovers at the ministry level have led to limited participation in the PSC and a need to continue strengthening coordination moving forward. Nonetheless good coordination at the technical level continues, including facilitating the pelagic survey-at-sea and discards monitoring.National workshop held towards a blue economy NAP.
C11: Government Institutions | E11: Government of Bosnia and Herzegovina | G11: Project partner | H11: Limited results to-date. Coordination issues at administrative level has resulted in limited participation in the PSC and the lack of a fishing fleet in Bosnia and Herzegovina has meant limited fisheries-related activities could be foreseen. Need to continue strengthening coordination. | N11: Choose the PROFILE of the Stakeholder from the drop-down menu (e.g. Government, NGO, Private Sector, Community, or OTHER)
C12: Government Institutions | E12: Government of Lebanon | G12: Project partner | H12: Active project participation and regularly strengthened coordination. The demersal exploratory survey-at-sea was completed (after two years delay due to the geopolitical situation). A round sardinella consumer preference study was completed, and a parallel value chain study is underway. Support to the setting up of a national fleet socioeconomic survey was also provided (with the survey expected to be carried out once it is safe to resume field data collection). | N12: Include the NAME OF THE STAKEHOLDER
C13: Government Institutions | E13: Government of Libya | G13: Co-financer/project partner | H13: Active participant in the PSC. A national legislation profile (GFCM-Lex) was developed and work was carried out to address unreported fishing through bycatch monitoring. Continued close collaboration is foreseen moving forward, particularly on a national fleet socioeconomic survey. National workshop held towards a blue economy NAP+.
C14: Government Institutions | E14: Government of Montenegro | G14: Co-financer/project partner | H14: Active project participation, regularly strengthened coordination and active participant to the PSC. VMS and gear sensor pilot studies completed and procurement action underway. National workshop towards a NAP+ and pilot initiative carried out. | N14: Inform the TYPE OF PARTNERSHIP (e.g. Executing Agency, Implementing partner, Strategic partner, Co-financing partner, Member of Steering Committee etc )
C15: Government Institutions | E15: Government of Morocco | G15: Co-financer/project partner | H15: Active project participation, regularly strengthened coordination and active participant to the PSC. Selectivity and marine litter trials being carried out. Project with local NGO to retreive ALDFG underway. Assessment of national legislations carried out and participation of experts in MCS trainings. National workshop held towards a blue economy NAP+ and pilot actions.
C16: Government Institutions | E16: Government of Tunisia | G16: Project partner | H16: Active project participation, regularly strengthened coordination and active participant to the PSC. National fleet socioeconomic survey underway. Trawl gear selectivity trials completed.Work underway to support socially sustainable blue crab fisheries. National workshop held towards a blue economy NAP+ and pilot actions. | N16: Report any PROGRESS and OUTCOMES (RESULTS), and any CHALLENGES experienced during the reporting period
C17: Government Institutions | E17: Government of Türkiye | G17: Co-financer/project partner | H17: Active project participation, regularly strengthened coordination and active participant to the PSC. VMS procured and installation and operationalization underway. NPOA-IUU adopted. Continued collaboration foreseen.
C18: NGOs | E18: WWF Mediterranean Marine Initiative | G18: Co-financer/project partner | H18: Regular consultation held in the context of the Friends of SSF and support provided to joint work on small-scale fisheries and vulnerable species
C19: Private Sector entities | E19: Collete Localisation Satelites (CLS) | G19: Co-financer | H19: Collaboration on the execution of VMS pilot studies and on the installation of VMS in Türkiye. Regular coordination underway. | N19: Include new stakeholders identified in the reporting period (that were not include in the plan yet)
C20: Private Sector entities | E20: MetOcean Telematics | G20: Co-financer | H20: Limited engagement to-date Efforts underway to improve coordination and better engage stakeholder in the project
C21: Private Sector entities | E21: Studio Lasso d.o.o. | G21: Co-financer | H21: Contribution to the VMS pilot study in Montenegro. Efforts underway to improve coordination and better engage stakeholder in the project. | N21: For additional information, check the GEF Policy on Stakeholder Engagement (click here)
C22: Others | E22: ATEPA | G22: Partner/beneficiary organization | H22: ATDEPA fishers supported in participating in SSF Forum sessions Continue supporting their engagement in project activities
C23: Others | E23: Notre Grand Bleu - Tunisia | G23: Potential partner | H23: Limited engagement to-date specifically in the context of the project, but general collaboration with GFCM towards SSF stakeholder engagement. Need to improve coordination and better engage stakeholder specifically in the project
C24: Others | E24: SSF Cooperatives - Lebanon | G24: Partner/beneficiary organization | H24: Cooperative representatives supported in participating in SSF Forum sessions Continue supporting their engagement in project activities, particularly the potential EAF pilot in Lebanon
C25: Others | E25: RAPA Algeria | G25: Partner/beneficiary organization | H25: Cooperative representatives supported in participating in SSF Forum sessions Continue supporting their engagement in project activities
C26: Others | E26: Mediterranean Agronomic Institute of Bari (CIHEAM) | G26: Co-financer | H26: Regular consultation held in the context of the Friends of SSF. Collaboration carried out in the context of developing the GFCM-LEX Continue the good collaboration, further refining activities for joint action.
C27: Others | E27: National Center for Marine Science (CNRS) | G27: Co-financer | H27: Local research partner in the implementation of surveys-at-sea in Lebanon Continue the good collaboration, further refining activities for joint action and capacity development support
C28: Others | E28: La Conférence Ministérielle sur la Coopération Halieutique entre les Etats Africains Riverains de l’Océan Atlantique (COMHAFAT) | G28: Co-financer | H28: Limited engagement to-date Efforts underway to improve coordination and better engage stakeholder in the project
C29: Others | E29: General Fisheries Commission for the Mediterranean (GFCM) | G29: Executing agency/co-financer | H29: Executing agency of the project backstopping the majority of project activities Contribute to GFCM decisions through project activities and project results that align with the GFCM work plan and the GFCM’s needs for scientific advice
C30: Others | E30: Global Fishing Watch (GFW) | G30: Co-financer/project partner | H30: Regular contributions provided to GFCM technical working groups, including in relation to the monitoring of fishing activities using remote sensing data. A joint workshop was held on MCS tools for the Mediterranean. Continue the good collaboration, further refining activities for joint action.
C31: Others | E31: International Union for Conservation of Nature (IUCN) | G31: Co-financer | H31: Regular contributions provided to GFCM technical working groups on area-based management and vulnerable species Continue the good collaboration, further refining activities for joint action.
C32: Others | E32: Society for the Protection of Nature in Israel (SPNI) | G32: Co-financer | H32: Limited engagement to-date Need to improve coordination and better engage stakeholder in the project
C33: Others | E33: UNEP-Mediterranean Action Plan | G33: Executing agency/co-financer | H33: Executing agency of the project backstopping select project activities Ensure project activities and results support UNEP-MAP processes
... C46: Others | E46: LOQUS | G46: Partner | H46: New partner with expertise on IUU assessment supporting regional trainings on IUU assessment methodologies.
N51: Questions? Contact our support: faogef-pir-support@fao.org

Sheet 10. Gender Mainstreaming
B2: 10. Gender Mainstreaming | M2: To move to the next line inside the delimitated field, press Alt+Enter in your keyboard.
B4: Information on Progress on Gender-responsive measures as documented at CEO Endorsement/Approval in the gender action plan or equivalent (when applicable) during this reporting period. (This section will be uploaded to the GEF Portal) | M4: Guidance
M5: Refer to the gender action plan, gender analysis or an equivalent socio-economic assessments included in the CEO Endorsed Prodoc, or conducted during formulation and/or implementation.
B6: Category | E6: Yes/No | F6: Briefly describe progress and results achieved during this reporting period.
M7: Please inform if the project is promoting measures that contribute to the specific areas / categories listed.
B8: a. Closing gender gaps in access to and control overal natural resources | E8: Yes | F8: By empowering women stakeholders (including researchers and members of national administrations) to actively participate in decision-making processes (see point b), the project is strengthening their leadership capacities and increasing their influence in governance and management practices. Through enhanced engagement and greater representation in decision-making forums, the project is fostering an enabling environment in which women can contribute meaningfully to shaping policies, priorities, and actions. As a result, decision-making processes are expected to better reflect the perspectives, needs, and expertise of women, thereby promoting their sustained, equitable, and effective participation across the sector.
M9: For each of the categories in the table, select YES or NO in the drop-down menu to indicate if they are included in the Plan/how the project is contributing to those.
M11: For each category to which the response is YES, describe the progress and any results achieved during the reporting period
B12: b. Improving women's participation and decision making | E12: Yes | F12: Through its promotion of an ecosystem-based approach to fisheries management, the project is fostering inclusive and participatory decision-making processes that actively aim to engage the full range of fisheries stakeholders, including women. This commitment is demonstrated through the meaningful involvement of female experts in scientific and technical activities, alongside efforts to ensure the equitable participation of both women and men in targeted training programmes, workshops, and knowledge-sharing events. By creating opportunities for women to contribute their knowledge, expertise, and perspectives, the project is helping to strengthen their role in shaping fisheries management outcomes and advancing more inclusive governance across the sector.
M15: For definitions and other information, consult:
B16: c. generating socio-economic benefits or services for women | E16: Yes | F16: Gender-disaggregated data collection has been integrated into the socioeconomic surveys conducted under the project and is now being promoted across all GFCM socioeconomic data initiatives. This approach helps generate a more accurate understanding of women’s contributions to the fisheries sector. Similarly, the value chain data collection methodology currently being pilots is capturing women’s roles along the entire value chain (where the majority of women work), enhancing the visibility of women in fisheries, which in turn informs targeted interventions to address the inequalities faced by women. A pilot initiative in retrieving and recycling ghost gear, carried out in Morocco, is providing a replicable example of how to link scientific work (monitoring of ghost gear), fisher engagement (in gear retrieval) and value-generating opportunities for women (engagement with women's cooperative to recyle nets into items to be sold by the cooperative).
M17: the FAO Policy on Gender Equality 2020-2030, click here
M19: and the GEF Policy on Gender, click here
B20: Any other good practices on gender | E20: Yes | F20: The GFCM’s State of Mediterranean and Black Sea Fisheries (SoMFi) report, published in 2025 and drawing on data generated through the FishEBM MED project, presented gender-disaggregated data on the fisheries sector for the first time. As the region’s principal reference publication on fisheries, SoMFi plays an important role in informing regional policy discussions and decision-making. By shedding light on women’s participation and contributions across the sector, the inclusion of gender-disaggregated data helps ensure that their roles are recognized, considered in policy processes, and no longer overlooked.
M39: Questions? Contact our support: faogef-pir-support@fao.org

Sheet 11. Knowledge Management
B2: 11. Knowledge and Learning Activities | M2: To move to the next line inside the delimitated field, press Alt+Enter in your keyboard.
M3: Refer to the Knowledge Management (or Knowledge and Learning) Approach included in the CEO Endorsed Prodoc.
B4: Knowledge activities/products (when applicable), as outlined in Knowledge Management (and Learning) Approach approved at CEO Endorsement/Approval, during this reporting period. (This section will be uploaded to the GEF Portal)
B6: Knowledge management and Learning (KML): Does the project have a KML strategy? | E6: Yes | M6: Choose YES or NO from the drop down menu to inform if the project has a KML approach or strategy,
B8: If YES, what is the implementation progress? In your answer, please describe how the project is fostering knowledge sharing and learning among stakeholders at national and sub-national level. | E8: Over the reporting period, the project has revised and revamped its knowledge management and communications strategy, responding to recommendations of the MTR (with changes endorsed by the PSC in February 2026). The project has made significant strides in implementing this KMC strategy, with a view to developing and disseminating a robust communication strategy. This has included the development of experience notes (designed to function as factsheets following the model offered in the IW:LEARN library, capturing project knowledge in an accessible format), as well as component notes (supporting a common and more coherent understanding of the project narrativ), and work towards a project film illuminating the human side of FishEBM MED. Country toolkits, have also been developed to support countries in disseminating their project successes. Since the adoption of the revised KMC strategy, efforts have been placed on the preparation of these KMC outputs, while their publication and dissemination are foreseen in the next reporting period. In addition to these products, the project has continued to place focus on targeted communication efforts, including IUU Day coverage through web news, an animated video on the VMS system, and a newsletter, as well as an IW:LEARN human story on ghost gear retrieval in Morocco. Furthermore, as project technical activities have begun to bear fruit, technical documents and similar outputs have also been released, including a regional protocol for integrating environmental DNA-based approaches into fisheries monitoring in a regionally harmonized way, as well as a graphic novel on the GFCM Recommendation on gear marking (translated in multiple languages), aiming to reach diverse audiences and raise awareness to combat ghost gear. The project has developed robust collaboration with the countries to ensure dissemination of these targeted communications and technical outputs through local channels. | M8: If your answer was YES, inform progress, achievements and challenges in the implementation of the approach or strategy.
M9: In your answer, describe how the project is fostering knowledge sharing and learning among stakeholders (e.g. interchange of experiences, learning sessions and other similar opportunities)
B10: If NO, how does the project identify, collect and document good practices?
M11: If your answer was NO, inform which approaches the project uses to identify, collect and document good practices
B14: Please list good practices, including key-technical and/or institutional innovations, from the project thus far. | E14: Since its official launch in 2023, the FishEBM Med project in the Mediterranean has introduced a range of good practices and key innovations, technical and institutional, that are already yielding positive impacts and serve as valuable models for replication. Inclusive governance The project is promoting a transformative shift in fisheries management by actively accounting for the socio-economic realities of fishers and ensuring their voices and knowledge are integrated into decision-making processes. It is also helping countries uncover the role of women in the sector, ensuring their participation is recognized. A notable good practice in the matter is updatd regional guidance facilitating the collection and transmission of gender-disaggregated socioeconomic data. Stakeholder engagement for sustainable practices Under FishEBM fishers are stewards of their environment and actively contribute to a more sustainable sector. In Fnideq, Morocco, fishers actively participated in ghost gear retrieval and recycling, joining hand with scientists, divers, women cooperatives and community leaders. This model is feeding a protocol explaining best practices on ghost gear retrieval. Combatting Illegal, Unreported, and Unregulated (IUU) Fishing Targeted efforts to address IUU fishing include strengthening national legislation and delivering specialized training to fisheries inspectors, enhancing institutional enforcement capacity and promoting legal, sustainable fishing practices. FishEBM has been regularly training officers across the region and is deploying a new VMS system across the Turkish fleet, | M14: If available, describe GOOD PRACTICES that can be shared and learned from the project so far.
M15: Include, if available, TECHNICAL and/or INSTITUTIONAL INNOVATIONS that the project has promoted or produced.
B17: Communication strategy: Does the project have a communication strategy? | E17: Yes | M17: Refer to the COMMUNICATIONS STRATEGY or similar document developed by the project, if available.
M19: Choose YES or NO from the drop down menu to inform if the project has a communications strategy
B20: Please provide a brief overview of the communications successes and challenges this fiscal year. | E20: Over the reporting year, important milestones have been achieved in project communications. The KMC strategy was revised to be more coherent and results-driven and was subsequently endorsed by the PSC. The project is promoting a strategic shift in how project knowledge is communicated by bringing together the results of different activities into a coherent narrative, organized by topic and region, that follows the progress of the project over time. The focus has shifted from "what was done" to "what has changed because of FishEBM". This approach ensures that communication products are interrelated and mutually reinforcing rather than standalone outputs, helping to build a clearer and more compelling story of project achievements. Products are developed as part of a broader, interrelated system of products designed to support national dissemination efforts. The project has also worked on maintaining transparency and open communication with country focal points throughout the development and dissemination process, ensuring that national stakeholders remain engaged and informed partners in sharing project results. This has been translated in communications by participating ministries on project successes like the adoption of an NPOA-IUU by Türkiye. In addition to being featured at a ministerial level, FishEBM activities have gained the attention of the press in various participating countries. The project also gained visibility via stories on the GFCM and SPA/RAC websites and the IW:Learn portal. There has been an overall strong progress in the visibility of the project, and dissemination at national and regional levels. | M20: Inform successes and/or challenges of the communications work in the reporting period
B26: Human-interest story: Please share a human-interest story from your project, focusing on how the project has helped to improve people's livelihoods while contributing to achieving the expected Global Environmental Benefits. Please indicate any Socio-economic Co-benefits that were generated by the project. Include at least one beneficiary quote and perspective, and please also include related photos and photo credits. | E26: In Fnideq, Morocco, an entire community is mobilised against ghost gear. With the help of scientists from the GFCM and the support of FishEBM, the youth of Fnideq, with the full participation of local fishers, is retrieving ghost gear, recycling them via a women's cooperative and raising awareness in local schools. With these initiatives, the community of Fnideq is giving a replicable model to tackle marine litter while supporting the next generation of ocean stewards. “The fishers were the first people that we convinced to join us in this mission.” recalls Younes Baghdidi, the president of Abtal Fnideq. Committed and passionate, he was born in a family of fishers and grew up enjoying diving in the region. He witnessed firsthand the impact of marine pollution, so he decided to take action. “There were challenges at the beginning, but over time we built a strong collaboration. Today, fishers are active participants in our retrieval activities and provide invaluable expertise in helping us identify where abandoned nets are located.”
M27: Human Interest Story:
M29: DO NOT include simple/isolated feedback about trainings received (e.g. "I am very satisfied with the training" or "the training was excellent")
M30: DO NOT include simple/isolated feedback about tools or inputs received (e.g."thanks to the project now we have tools/irrigation/knowledge")
M32: DO include quotes and stories about what people are DOING with the training/tools/equipment/knowledge received.
M33: DO include quotes and stories about tangible/visible/observable/concrete RESULTS, CHANGES or TRANSFORMATION in peoples lives by USING the knowledge/tools/equipment received.
M35: E.g. "Before the training, I was not able to produce in this land, it was degraded, poor. But after participating in the Farmer Field School, the soil has been restored.
M36: In the months of March and April I was able to harvest 200 kgs of produce from my land. Together with other farmers we have restored 500 ha of land by applying the techniques we learned.
M37: We sold the vegetables in the province market. With the money I am able to keep my two kids at school"
M39: HOW TO ADD HYPERLINKS (Ctrl + K):
B40: Please provide links to related website, social media account | E40: https://www.fao.org/gfcm/about/funding/gef/fishebm-med/en/
M41: 1. Select your cell.
M43: 2. Insert → Link (or press Ctrl + K).
B44: Please provide a list of publications, leaflets, video materials, newsletters, or other communications assets publised on the web, if any. | E44: -https://www.fao.org/gfcm/news/detail/en/c/1759085/ -https://www.fao.org/gfcm/news/detail/en/c/1758673/ -https://www.fao.org/gfcm/news/detail/en/c/1758748/ -https://www.fao.org/gfcm/news/detail/en/c/1758666/Y43 -https://www.fao.org/gfcm/activities/compliance/vessel-monitoring/en/ -https://alouma24.ma/archives/179750 https://doi.org/10.1093/icesjms/fsag025 https://fishfocus.co.uk/how-port-state-measures-are-locking-iuu-catches-out-of-markets/ https://www.fao.org/gfcm/news/detail/en/c/1758673 https://www.linkedin.com/posts/bsgmtr_fisheriesmanagement-msc-bluetransformation-activity-7452305423178604544-Aez8?utm_source=share&utm_medium=member_desktop&rcm=ACoAACXefQQBzNpeDZuWQJi2Rm32QPna9yc1MGE https://www.linkedin.com/feed/update/urn:li:activity:7418937333309325312 https://x.com/UN_FAO_GFCM/status/1942592323344298270 https://www.linkedin.com/posts/vms-fightiuufishing-fishebm-ugcPost-7468663075005698050-jsKP/?utm_source=share&utm_medium=member_desktop&rcm=ACoAACXefQQBzNpeDZuWQJi2Rm32QPna9yc1MGE%20https://www.linkedin.com/posts/cls_rockfleet-sustainability-iuufishing-activity-7475458153296437248-AVfI?utm_source=share&utm_medium=member_desktop&rcm=ACoAACXefQQBzNpeDZuWQJi2Rm32QPna9yc1MGE https://x.com/UN_FAO_GFCM/status/2064000800024646006?s=20 https://spa-rac.org/fr/ha-yes-avez-vous-deja-mange-un-requin/ https://spa-rac.org/fr/guardian-sharks-mettre-en-lumiere-le-role-des-elasmobranches-dans-la-mer-adriatique-2/ https://spa-rac.org/fr/renforcer-la-science-citoyenne-pour-la-conservation-des-requins-au-montenegro/ https://spa-rac.org/fr/developper-collaboration-conservation-requins-adriatique/ https://spa-rac.org/en/voices-of-the-deep/#elementor-toc__heading-anchor-0 https://www.linkedin.com/posts/sparac_gfcm-preservingmediterraneans-activity-7377394493383274496 https://www.instagram.com/p/DSF28-cjYMS https://www.facebook.com/SPARACinfos/videos/1103238934639972/?rdid=uElSQvlqzt7MxZ0t https://rtcg.me/tv/emisije/informativni/ekovizija/844850/ekovizija-16052026.html https://www.facebook.com/reel/1325269419270115 https://spa-rac.org/en/advancing-a-biodiversity-inclusive-blue-economy-in-montenegro/ https://news.iwlearn.net/fishebm-projects-contribute-to-report-on-mediterranean-and-black-sea-fisheries https://www.fao.org/gfcm/news/detail/en/c/1758356/ https://www.facebook.com/ministry.of.environment.libya/posts/pfbid0FvWYuC5XY4Jz9djmPNtuYUrBBL5kvveMgjjmAhvfAiMgQFpRBHcB8bm4YnwkQCyol?rdid=OmLYLCvGn4PhQ8M5# https://www.linkedin.com/posts/medsea4fish-fishebm-westmed-ugcPost-7460685874813366273-tsYx/?utm_source=share&utm_medium=member_desktop&rcm=ACoAAAt2sZEBjHbLxSnoMvJ6N0jMHQUSUQtGFAc https://www.facebook.com/ministry.of.environment.libya/posts/pfbid02yo1pHvrr6YkCHn35kthWXd3trvbbpKCA9qZ5qo3unYszNHjoRuwUf2wJtLDSnYmvl?rdid=9d0wwMzONqxLUIXl
M45: 3. Choose:
M47: Existing File or Web Page (type/paste URL or browse)
B48: Please indicate the Communication and/or knowledge management focal point's name and contact detais. | E48: Chahrazade Douah: Chahrazade.Douah@fao.org Clementine Laurent: clementinelaurent.freelance@gmail.com
M49: Place in This Document (enter e.g. Sheet2!A10)
M51: E-mail Address or Create New Document
M53: 4. Edit the Display text if desired → OK.
M57: Questions? Contact our support: faogef-pir-support@fao.org

Sheet 12. Indigenous & Local Involve.
B2: 12. Indigenous Peoples and Local Communites Involvement | M2: To move to the next line inside the delimitated field, press Alt+Enter in your keyboard.
B4: Are Indigenous Peoples and local communities involved in the project (as per the approved Project Document)? If yes, please briefly explain. | M4: Guidance:
B6: If applicable, please describe the process and current status of on-going/completed, legitimate consultations to obtain Free, Prior and Informed Consent (FPIC) with the indigenous communities. Regarding the project area, information does not seem to show evidence of indigenous people inhabiting coastal areas in Mediterranean countries (see: i) FAO. 2015. First Regional Symposium on Sustainable Small-Scale Fisheries in the Mediterranean and Black Sea; ii) World Resources Institute. Global Platform of Indigenous and Community Lands; iii) UNDESA. 2015. State of the World’s Indigenous Peoples). Do indigenous peoples and/or local communities have an active partcipation in the project activities? If yes, briefly describe how. In line with the approved Project Document and the regional scope of the initiative, the primary beneficiaries and stakeholders of the FishEBM MED project are the Ministries of Agriculture and Fisheries - and, where relevant, Ministries of Environment - of the participating countries, along with key partner organizations. While local coastal fishing communities are not direct project executers, they are expected to benefit from the improved sustainability of marine resources resulting from enhanced ecosystem-based fisheries management. To support this, consultations were held during both the project design phase and implementation with relevant government authorities and fisheries stakeholders. Small-scale fisheries actors were identified through existing GFCM and FAO networks, including producer organizations and social movements, in close coordination with GEF Focal Points. It is important to note that not all countries have well-established fisher or fish worker organizations, so early consultations focused on those that were already in place. As implementation has progressed, relationships with national stakeholders have been strengthened and capacity has been built to support more inclusive decision-making. Regular consultations are also conducted through regional platforms such as the Friends of Small-Scale Fisheries (SSF) group and other relevant partners. Moreover, local fishing communities have been actively involved in project activities and, where possible, included in management discussions to ensure their perspectives are reflected. NAP+ Pilot Actions in Morocco, Montenegro and Tunisia directly involve local fishing communities. | M6: Report on the involvement of indigenous peoples and local communities with the project.
M8: Consult the CEO Endorsed Prodoc.
M11: If necessary, refer to the following documents:
M13: FAO Policy on Indigenous and Tribal Peoples, available here:
M14: https://openknowledge.fao.org/handle/20.500.14283/i4476en
M16: FAO's Free, Prior and Informed Consent (FPIC) Manual, available here:
M17: https://openknowledge.fao.org/handle/20.500.14283/i6190e
M20: The GEF's Principles and Guidelines for Engagement with Indigenous Peoples, available here:
M21: Indigenous Peoples | GEF
M57: Questions? Contact our support: faogef-pir-support@fao.org

Sheet 13. Co-Financing Table
S1: To move to the next line inside the delimitated field, press Alt+Enter in your keyboard.
B2: 13. Co-Financing Table | S2: Guidance:
S3: The objective of this section is to monitor the progress on co-financing materialized at 30 June 2025, as per the confirmed co-financing amounts in the Project Document (CEO Endorsed).
B4: Sources of Co-financing | D4: Name of Co-financer | I4: Type of Co-financing | K4: Amount Confirmed at CEO endorsement/approval (in USD) | N4: Actual Amount Materialized at 30 June 2026 (in USD)
S5: Ensure that you are using the AMOUNTS CONFIRMED AT CEO ENDORSEMENT/ APPROVAL. Check FPMIS for the CEO approved Prodoc (or the project page in the GEF website: https://www.thegef.org/projects-operations/database)
B6: Recipient country government | D6: Albania (Ministry of Agriculture and Rural Development) | I6: Public investment | K6: 1500000 | N6: 1800000
B7: Recipient country government | D7: Albania (Ministry of Agriculture and Rural Development) | I7: Grant | K7: 0 | N7: 2500000 | S7: Choose the SOURCE OF CO-FINANCING from the drop down menu (GEF Agency, Donor Agency, Recipient Country Government, Private Sector, Civil Society Organization, Beneficiaries, Other). Only one choice available per line.
B8: Recipient country government | D8: Albania (Ministry of Agriculture and Rural Development) | I8: In-kind | K8: 0 | N8: 82600
B9: Recipient country government | D9: Albania (Ministry of Tourism and Environment) | I9: In-kind | K9: 4522757 | N9: 7935442
B10: Private sector | D10: Catapult CX | I10: In-kind | K10: 11150000 | N10: 0
B11: Other | D11: CBD Secretariat | I11: In-kind | K11: 1650000 | N11: 0 | S11: Choose the TYPE OF CO-FINANCING from the drop down menu (Grant, Loan, Equity Investment, Guarantee, In-Kind, Public Investment, Other).Only one choice available per line.
B12: Other | D12: CIHEAM Bari | I12: Grant | K12: 13678937 | N12: 13678937
B13: Other | D13: CIHEAM Bari | I13: In-kind | K13: 2400000 | N13: 2400000 | S13: If the same co-financer has more than one type of co-financing, use two lines to report on the different types. See example below:
B14: Private sector | D14: CLS | I14: Grant | K14: 27000 | N14: 0
B15: Private sector | D15: CLS | I15: In-kind | K15: 37200 | N15: 248000 | S15: Sources of Co-financing | U15: Name of Co-financer | X15: Type of Co-financing
B16: Other | D16: CNRS | I16: Grant | K16: 125000 | N16: 0 | S16: GEF Agency | U16: FAO | X16: in-kind
B17: Other | D17: COMHAFAT | I17: In-kind | K17: 1300000 | N17: 0 | S17: GEF Agency | U17: FAO | X17: grant
B18: Other | D18: GFCM | I18: In-kind | K18: 4000000 | N18: 3328252
B19: Other | D19: GFCM | I19: Grant | K19: 6000000 | N19: 5882613
B20: Other | D20: Global Fishing Watch | I20: In-kind | K20: 2300000 | N20: 2300000 | S20: Use the following format to insert the values: 1,234,567.00
B21: Others | D21: IUCN | I21: Grant | K21: 1633340.8 | N21: 1633340.8
B22: Beneficiaries | D22: Libya | I22: In-kind | K22: 500000 | N22: 5000 | S22: Choose the SOURCE OF CO-FINANCING from the drop down menu (GEF Agency, Donor Agency, Recipient Country Government, Private Sector, Civil Society Organization, Beneficiaries, Other). Only one choice available per line.
B23: Private sector | D23: MetOcean Telematics | I23: In-kind | K23: 105400 | N23: 0
B24: Recipient Country Government | D24: Montenegro | I24: Public Investment | K24: 1500000 | N24: 2461096.3 | S24: Choose the TYPE OF CO-FINANCING from the drop down menu (Grant, Loan, Equity Investment, Guarantee, In-Kind, Public Investment, Other).Only one choice available per line.
B25: Recipient Country Government | D25: Morocco | I25: In-kind | K25: 10048434 | N25: 143678.16
B26: Other | D26: SPNI | I26: In-kind | K26: 1008000 | N26: 0 | S26: If the same co-financer has more than one type of co-financing, use two lines to report on the different types. See example below:
B27: Private sector | D27: Studio Lasso d.o.o | I27: In-kind | K27: 195000 | N27: 0
B28: Recipient Country Government | D28: Turkiye | I28: Public Investment | K28: 2000000 | N28: 1975000 | S28: Sources of Co-financing | U28: Name of Co-financer | X28: Type of Co-financing
B29: Other | D29: UNEP/MAP | I29: In-kind | K29: 1779115 | N29: 1779115 | S29: GEF Agency | U29: FAO | X29: in-kind
B30: Other | D30: Universtiy of Alicante | I30: In-kind | K30: 800000 | N30: 900000 | S30: GEF Agency | U30: FAO | X30: grant
B31: Other | D31: WWF MMI | I31: Grant | K31: 3767470 | N31: 2912066
B32: Private Sector | D32: Satlink | I32: In-kind | K32: 0 | N32: 3360
B33: Private Sector | D33: Satlink | I33: Other | K33: 0 | N33: 7500
B34: Private Sector | D34: Pinpoint Earth Limited | I34: Other | K34: 0 | N34: 11000
B35: Private Sector | D35: EMA d.o.o | I35: In-kind | K35: 0 | N35: 6000
B36: Private Sector | D36: EMA d.o.o | I36: Other | K36: 0 | N36: 20000
B37: Total | I37: Total | K37: =SUM(K6:K32) -> 72027654 | N37: =SUM(N6:N36) -> 52013000 | S37: Use only numbers
S38: Inform all values in USD
S39: The totals are automatically calculated
B40: Please explain any significant changes in project co-financing since CEO Endorsement/Approval, or differences between the pledged and materialized co-financing amounts.
S42: Explain ANY SIGNIFICANT CHANGES in project co-financing since Project Document signature, or differences between the anticipated and actual rates of disbursement.
B44: GEF CoFinancing Guidelines 2018 | S44: For more information, refer to the GEF Co-financing guidelines 2018 (click here)
S46: Questions? Contact our support: faogef-pir-support@fao.org

Sheet 14. GEO Location
T1: Guidance:
B2: 14. Geo Location Information | T2: To move to the next line inside the delimitated field, press Alt+Enter in your keyboard.
B4: This section should be completed ONLY by projects with 1st PIR and in case the geographic coverage of project activities has changed since last reporting period. This information is required by GEF Secretariat in GEF Portal | T4: This section should be completed ONLY by projects with 1st PIR or in case the geographic coverage of project activities has changed since last reporting period.
B6: Are there any changes in the geographic coverage of the project activities since the last PIR report? | K6: No | T6: Choose YES or NO to inform if there were any CHANGES IN THE GEOGRAPHIC COVERAGE since the last PIR report
B9: Location Name | E9: Latitude | G9: Longitude | I9: Geo Name ID | L9: Location & Activity Description* | T9: The LOCATION NAME, LATITUDE and LONGITUDE are required fields insofar as an Agency chooses to enter a project location under the set format.
T10: If the location is not exact, include the GEO NAME ID (e.g. location is a city, rather than the exact site of a physical infrastructure).
T14: IMPORTANT guidance about the FORMAT:
T16: LONGITUDE and LATITUDE must follow the Decimal Degrees WGS84 format.
T17: Use at least four decimal points. E.g. Latitude: 6.5244 Longitude: 3.3792
T19: Web-mapping applications use this format. See the references below
T21: • Open Street Map
T22: • GEO Names
T23: • Coordinates Converter
T24: • GEF Portal World Bank – Geocoding User Guide (Word document)
T26: *The Location & Activity Description fields are optional.
T50: Questions? Contact our support: faogef-pir-support@fao.org

Sheet Annex
A2: Annex. Monitoring Area-based GEF Core Indicator Commitments and Progress with FERM
A4: The Framework for Ecosystem Restoration Monitoring (FERM), developed by FAO, is the official monitoring platform for tracking global progress and disseminating good practices for the UN Decade of Ecosystem Restoration. The FERM can serve as an integrated GIS-based platform, providing GEF staff and all relevant stakeholders the chance to display the progress of committed versus achieved land under restoration or under improved management for conservation and sustainable use, along with clear results such as the percentage of project achievement. Having a common tracking and monitoring platform allows users to comprehensively assess and report on project progress. A user-friendly dashboard showcasing project results gives stakeholders a clear understanding of the extent to which project targets have been achieved. Projects with area-based GEF Core Indicators (GEF Core Indicators 1-5 and LDCF Core Indicator 2) are encouraged to register in the FERM platform.
A5: Useful links:
A6: • FERM website
A7: • FERM User Guide (PDF)
A8: • FERM YouTube channel
A9: • Email Carmen Morales
A24: 26 It also supports countries in reporting areas under restoration for the Kunming-Montreal GBF Target 2 (areas under restoration) for which FAO is the custodian agency.
